 Dungeon Crawl Stone Soup version 0.30.0-20-g3615ddf2f0 (webtiles) character file.

Game seed: 2899669223050733500

533569 qw the Slayer (level 25, 0/181 HPs)
             Began as a Gargoyle Fighter on June 1, 2023.
             Was an Elder of Okawaru.
             Killed from afar by a purple draconian shifter (46 damage)
             ... with a bolt of dispelling energy
             ... on level 1 of the Realm of Zot.
             The game lasted 00:38:38 (50904 turns).

qw the Slayer (Gargoyle Fighter)                   Turns: 50904, Time: 00:38:39

Health: 0/181      AC: 71    Str: 30    XL:     25   Next: 72%
Magic:  28/30      EV: 16    Int: 12    God:    Okawaru [****..]
Gold:   5723       SH: 33    Dex:  9    Spells: 24/24 levels left

rFire   + . .        A - +16 obsidian axe {drain, demonic, Mesm Drain Fly SInv}
rCold   + . .        E - +10 tower shield of Ignorance {rN+ Int-4}
rNeg    + + .        q - +8 orange crystal plate armour {Archmagi, Int+3 Clar}
rPois   inf          (helmet restricted)
rElec   +            c - +2 cloak
rCorr   .            g - +2 pair of gloves
SInv    +            n - +2 pair of boots
Will    +....        J - amulet of Buenegg {Faith Rampage Regen+} Stlth
                     r - ring of Woudaqom {Fly rF+ rC+ Int+2}
HPRegen 1.30/turn    L - +5 ring of evasion
MPRegen 0.22/turn

%: clarity, rampage, faith, archmagi
@: heroic, flying, mesmerised
A: sickness immunity, AC +19, big wings, negative energy resistance 1,
electricity resistance, torment resistance 1, petrification resistance, horns 1,
screaming 2, subdued magic 1, MP-powered wands, devolution 1
}: 3/15 runes: serpentine, barnacled, silver
a: Renounce Religion, Heroism, Finesse


You were on level 1 of the Realm of Zot.
You worshipped Okawaru.
Okawaru was greatly pleased with you.
You visited 9 branches of the dungeon, and saw 42 of its levels.
You visited the Abyss 1 time.
You also visited: Wizlab and Desolation.

You collected 9516 gold pieces.
You spent 3793 gold pieces at shops.


Innate Abilities, Weirdness & Mutations

You are immune to sickness and miasma.
Your stone body is resilient. (AC +19)
You are immune to poison.
Your large and strong wings let you fly.
You resist negative energy. (rN+)
You are resistant to electric shocks. (rElec)
You are resistant to unholy torment.
You are immune to petrification.
You have a pair of small horns on your head.
You frequently scream uncontrollably at your foes.
Your spells are a little easier to cast, but a little less powerful.
You expend magic power (3 MP) to strengthen your wands.
You have hidden genetic defects.


   Skills:
 - Level 25.1(27) Fighting
 - Level 18.0(23.0) Axes
 + Level 14.6(19.6) Throwing
 - Level 22.0(27) Armour
 - Level 7.0(12.0) Dodging
 - Level 22.0(27) Shields
 - Level 10.0 Invocations


You had 24 spell levels left.
You didn't know any spells.
Your spell library was empty.

Inventory:

Hand Weapons
 z - the +1 broad axe of Hacking and Slashing {antimagic, rF++}
   (Okawaru gifted it to you on level 2 of the Depths)

   rF:        It greatly protects you from fire.
 A - the +16 obsidian axe (weapon) {drain, demonic, Mesm Drain Fly SInv}
   (You acquired it on level 5 of the Vaults)

   Mesm:      Its wielder is mesmerised by any visible foes, and it cannot be
   unequipped while any foes are visible.
   SInv:      It lets you see invisible.
   Fly:       It grants you flight.
   Drain:     It drains your maximum health when unequipped.
 C - the +7 broad axe of Gloom {holy, rElec Int+4 Dex+3}
   (You took it off a deep elf high priest on level 5 of the Vaults)

   Int:       It affects your intelligence (+4).
   Dex:       It affects your dexterity (+3).
   rElec:     It insulates you from electricity.
Missiles
 s - 8 boomerangs
 u - 3 silver boomerangs
 x - 4 silver javelins (quivered)
 D - 25 javelins
Armour
 c - a +2 cloak (worn)
 g - a +2 pair of gloves (worn)
 l - +0 acid dragon scales
 n - a +2 pair of boots (worn)
 q - the +8 orange crystal plate armour (worn) {Archmagi, Int+3 Clar}
   (You found it in the Desolation of Salt)

   Int:       It affects your intelligence (+3).
   Clar:      It protects you from confusion, rage, mesmerisation and fear.
 E - the +10 tower shield of Ignorance (worn) {rN+ Int-4}
   (Okawaru gifted it to you on level 3 of the Snake Pit)

   Int:       It affects your intelligence (-4).
   rN:        It protects you from negative energy.
 G - the +0 crystal plate armour of Twilight {rC+ Regen+}
   (Okawaru gifted it to you on level 5 of the Vaults)

   rC:        It protects you from cold.
   Regen:     It increases your rate of health regeneration.
 H - a +2 tower shield of resistance
Jewellery
 r - the ring of Woudaqom (left hand) {Fly rF+ rC+ Int+2}
   (You found it in the Desolation of Salt)

   [ring of flight]

   Int:       It affects your intelligence (+2).
   rF:        It protects you from fire.
   rC:        It protects you from cold.
   Fly:       It grants you flight.
 w - a ring of ice
 y - an amulet of reflection
 B - the ring "Taukhaix" {rCorr Int+6}
   (You found it in the Desolation of Salt)

   [ring of intelligence]

   Int:       It affects your intelligence (+6).
   rCorr:     It protects you from acid and corrosion.
 F - a ring of protection from fire
 J - the amulet of Buenegg (around neck) {Faith Rampage Regen+}
   (You found it on level 4 of the Shoals)

   [amulet of faith]

   It allows you to gain divine favour quickly.
   Regen:     It increases your rate of health regeneration.
   Rampage:   It bestows one free step when moving towards enemies.
 L - a +5 ring of evasion (right hand)
 M - the ring of Makhleb's Displeasure {Contam rCorr Int+2 Dex+6}
   (You bought it in a shop on level 4 of the Dungeon)

   [ring of dexterity]

   Int:       It affects your intelligence (+2).
   Dex:       It affects your dexterity (+6).
   Contam:    It causes magical contamination when unequipped.
   rCorr:     It protects you from acid and corrosion.
 Y - a +4 ring of protection
Scrolls
 a - 23 scrolls of identify
 b - 2 scrolls of teleportation
 m - a scroll of enchant armour
 p - 4 scrolls of enchant weapon
Potions
 d - 4 potions of might
 e - 4 potions of mutation
 h - 7 potions of curing
 i - 8 potions of lignification
 j - 6 potions of attraction
 o - 7 potions of haste
 v - 7 potions of magic
 I - 2 potions of cancellation

Dungeon Overview and Level Annotations

Branches:
Dungeon (15/15)            Temple (1/1) D:7            Lair (5/5) D:8
 Shoals (4/4) Lair:3        Snake (4/4) Lair:2        Slime (0/5) Lair:4
    Orc (2/2) D:11            Elf (0/3) Orc:2        Vaults (5/5) D:14
  Crypt (0/3) Vaults:2     Depths (4/4) D:15            Zot (2/5) Depths:4
 WizLab (visited)         Desolation (visited)

Altars:
Ashenzari
Cheibriados
Dithmenos
Elyvilon
Fedhas
Gozag
Hepliaklqana
Kikubaaqudgha
Makhleb
Nemelex Xobeh
Okawaru
Qazlal
Ru
Sif Muna
Trog
Uskayaw
Vehumet
Wu Jian
Xom
Yredelemnul
Zin
The Shining One

Shops:
D:4 (=   D:6 *   Orc:1 =(   Orc:2 ?*((   Shoals:1 (   Snake:4 *   Vaults:1 *((
Depths:4 [

Portals:
Hell: Depths:1 Depths:2 Depths:3 Depths:4
Abyss: Depths:1 Depths:2 Depths:3 Depths:4
Pandemonium: Depths:1 Depths:2
Ziggurat: Depths:3
Trove: D:11 (give 5 potions of resistance)

Annotations:
D:6 4 runed translucent doors, Crazy Yiuf; qw's ghost, novice GrFi
D:13 2 transporters, Ahonude's ghost, journeyman TrMo
D:14 3 runed translucent doors, qw's ghost, journeyman GrFi
Orc:1 2 runed translucent doors, kazak's ghost, journeyman OpFE
Depths:1 3 runed translucent doors
Zot:1 Josephina


Message History

You break out of your daze!
The draconian knight simulacrum vaporises!
You slash Josephina!
You slice the yellow draconian simulacrum!!
You slice the black draconian simulacrum!!
The black draconian simulacrum vaporises!
Visions of slaying Josephina flood into your mind.
Josephina points at you and mumbles some strange words.
The ghostly flame explodes!
The ghostly fireball engulfs you but does no damage.
You partially resist.
The ghostly fireball engulfs Josephina.
Josephina completely resists.
The ghostly fireball engulfs the yellow draconian simulacrum.
The yellow draconian simulacrum completely resists.
You block the white draconian's attack.
The purple draconian shifter casts a spell at you.
You struggle to resist.
You hear a roar!
You slash the yellow draconian simulacrum!
You headbutt the yellow draconian simulacrum.
The yellow draconian simulacrum is almost destroyed.
You slice Josephina!!
You block the yellow draconian simulacrum's attack.
You block the white draconian's attack. You block Josephina's attack.
Josephina touches you but does no damage.
You hit the yellow draconian simulacrum.
You headbutt the yellow draconian simulacrum, but do no damage.
The yellow draconian simulacrum is almost destroyed.
You closely miss Josephina.
You completely miss the yellow draconian simulacrum.
You headbutt the yellow draconian simulacrum.
The yellow draconian simulacrum vaporises!
You hit Josephina.
The purple draconian breathes dispelling energy at you.
The bolt of dispelling energy hits you!!!
Your magical effects are unravelling.
You block the white draconian's attack.
The purple draconian shifter breathes dispelling energy at you.
The bolt of dispelling energy hits you!!!
You die...

#.#.# #.# #.# #.#.###.##
#.# #.#......#####.# * ,
~ #..............# , ,
¤¤# #.#.q##........# ,
¤¤¤. #....##....##..# ,,
.¤¤..####.#............#
¤.¤....0.........#)#####
~ ~
......0@#.#.###.##.#####
~
~¤¤...L)0.......>......#
~~¤¤..d..##.###.##.#####
~¤¤¤...d.# .# #. #.# ,
.¤¤¤.....# # #.# **
...>...... #># ~
...#+##... #.# * ...
..... #.# #.#


You could see Josephina (mesmerising), a purple draconian (soul bound, catching
breath), a white draconian (soul bound) and a purple draconian shifter (soul
bound, catching breath).

Vanquished Creatures
  A dread lich (Vaults:3)
  2 orbs of fire (Zot:2)
  Mara (Depths:2)
  Sojobo (Depths:1)
  A royal mummy (Depths:3)
  A Head Instructor (WizLab)
  Vashnia (Snake:2)
  the Enchantress (Depths:1)
  Jory (Depths:2)
  6 golden dragons
  A bone dragon (Depths:4)
  An electric golem (Zot:2)
  Jorgrun (Shoals:2)
  7 tentacled monstrosities
  A walking divine tome (Depths:3)
  4 titans (Vaults:5)
  8 quicksilver dragons
  4 sphinxes
  A lich (Vaults:5)
  2 death cobs (Zot:2)
  2 krakens (Shoals:2)
  6 shadow dragons
  2 tentacled starspawn (Abyss:2)
  Agnes (Snake:4)
  9 tengu reavers
  Kirke (Snake:1)
  Roxanne (Snake:4)
  A storm dragon (Vaults:5)
  A draconian monk (Depths:4)
  Ilsuiw (Shoals:4)
  2 nagarajas
  8 fire giants
  6 draconian knights
  An iron dragon (Vaults:5)
  3 ghost moths
  2 deep elf sorcerers
  An iron dragon (shapeshifter) (Vaults:5)
  Louise (D:15)
  6 frost giants
  2 imperial myrmidons (Desolation)
  A cacodemon (Abyss:2)
  16 vault wardens
  A deep elf elementalist (Abyss:2)
  5 war gargoyles
  2 orc warlords
  6 spriggan defenders
  24 ironbound preservers
  A draconian annihilator (Zot:2)
  21 very ugly things
  13 stone giants
  8 vampire knights
  5 ironbound thunderhulks
  Nessos (Lair:4)
  2 deep elf demonologists (Vaults:5)
  Azrael (D:12)
  10 dire elephants (Vaults:3)
  A green draconian (Depths:4)
  4 black draconians
  8 spark wasps (Depths:3)
  4 white draconians
  7 yellow draconians
  4 spectral titans (Depths:3)
  A deep elf annihilator (Vaults:5)
  2 halazid warlocks (Desolation)
  3 purple draconians
  A blizzard demon (Depths:2)
  2 crystal guardians (Desolation)
  14 eidola (Depths:2)
  12 ettins
  3 mummy priests (Depths:3)
  11 merfolk javelineers
  A spectral quicksilver dragon (Depths:3)
  2 entropy weavers
  10 great orbs of eyes
  3 spectral golden dragons (Depths:3)
  9 merfolk impalers
  17 yaktaur captains
  A rakshasa (Depths:1)
  2 salamander tyrants (Snake:4)
  6 fire dragons
  11 ragged hierophants (Desolation)
  A spectral tengu (Depths:3)
  7 deep elf high priests (Vaults:5)
  28 vault guards
  9 peacekeepers
  8 ice dragons
  Erolcha (Orc:1)
  9 hydras
  3 servants of whispers (Desolation)
  5 catoblepae
  A death knight (D:15)
  6 boulder beetles
  A spectral sphinx (Depths:3)
  An alligator snapping turtle (Shoals:4)
  5 two-headed ogres
  9 merfolk aquamancers
  3 spriggan air magi
  2 merfolk avatars (Shoals:4)
  22 centaur warriors
  12 ironbound frosthearts
  8 anacondas
  4 death yaks (Lair:5)
  3 deep troll shamans
  3 ogre magi
  2 spectral fire giants (Depths:3)
  A satyr (Shoals:4)
  5 deep troll earth magi
  A titan zombie (Depths:3)
  A thrashing horror (Abyss:2)
  16 naga warriors
  4 orc high priests
  A spectral storm dragon (Depths:3)
  4 tengu warriors
  5 shock serpents
  4 spriggan berserkers
  24 hell knights
  3 vampire magi
  13 naga sharpshooters
  Sonja (Lair:4)
  6 iron trolls
  4 skeletal warriors (D:15)
  4 skysharks
  Amaemon (D:10)
  9 shadow wraiths (Depths:2)
  6 salamander mystics
  3 spectral spark wasps (Depths:3)
  A spatial maelstrom (Abyss:2)
  52 deep trolls
  12 sea snakes
  A shadow demon (Abyss:2)
  5 naga ritualists
  6 glowing orange brains
  2 flayed ghosts
  A tengu zombie (Vaults:3)
  9 necromancers
  An obsidian statue (Depths:3)
  8 phantasmal warriors
  2 lindwurms
  6 wizards
  Pikel (D:7)
  28 harpies
  11 orc knights
  A harpy (shapeshifter) (D:13)
  A wolf spider zombie (D:15)
  2 steelbarb worms (shapeshifter)
  21 ironbound convokers
  12 mana vipers
  7 deep elf pyromancers
  6 orc sorcerers
  20 manticores
  31 ugly things
  12 fauns
  An iron dragon skeleton (Depths:3)
  12 moths of wrath
  A shining eye (shapeshifter) (Vaults:4)
  An oklob plant (Orc:2)
  9 guardian serpents
  8 cyclopes
  13 salamanders
  14 elephants
  A black mamba (shapeshifter) (D:14)
  A torpor snail (Lair:4)
  3 centaur zombies (D:15)
  Maurice (Orc:2)
  32 slime creatures
  11 merfolk sirens
  9 water nymphs
  Maggie (D:7)
  A titan simulacrum (Depths:3)
  A frost giant skeleton (Depths:3)
  27 black mambas
  16 naga magi
  4 orange demons
  24 vault sentinels
  7 cane toads
  A gargoyle (D:11)
  2 centaur skeletons (D:15)
  4 kobold demonologists
  3 efreet (D:14)
  6 unseen horrors
  5 komodo dragons
  22 yaktaurs
  2 rime drakes
  A freezing wraith (D:15)
  2 golden dragon simulacra (Zot:1)
  A yaktaur (shapeshifter) (D:13)
  An anaconda simulacrum (Shoals:2)
  An ancient zyme (Abyss:2)
  A spectral glowing shapeshifter (Depths:3)
  A human skeleton (Vaults:3)
  8 guardian mummies (Depths:3)
  2 tengu conjurers
  9 trolls
  3 polar bears
  7 hornets
  A wind drake (shapeshifter) (Vaults:5)
  37 merfolk
  Grinder (D:6)
  A wind drake (Shoals:2)
  A merfolk (shapeshifter) (Vaults:5)
  3 harpy zombies (D:15)
  Prince Ribbit (D:7)
  19 blink frogs
  A blink frog (shapeshifter) (Vaults:5)
  51 saltlings (Desolation)
  11 dream sheep
  16 snapping turtles
  3 raiju (Abyss:2)
  2 jumping spiders
  8 wraiths
  17 water elementals
  A spriggan (shapeshifter) (D:14)
  7 spriggans
  2 shadows
  7 vampires
  70 yaks
  3 basilisks
  4 wyverns
  A ynoxinul (Abyss:2)
  4 fire elementals (D:12)
  A neqoxec (Abyss:2)
  7 hogs (Snake:1)
  2 steam dragons (D:8)
  A redback simulacrum (D:15)
  A white draconian simulacrum (Zot:1)
  A yellow draconian simulacrum (Zot:1)
  17 vampire mosquitoes
  4 chaos spawn (Depths:3)
  2 redbacks (Vaults:1)
  A black draconian simulacrum (Zot:1)
  A spatial vortex (Abyss:2)
  A minotaur simulacrum (Shoals:2)
  37 nagas
  15 water moccasins
  5 acid dragons
  An ogre skeleton (Vaults:3)
  A floating eye (Depths:3)
  3 hell hounds (D:12)
  9 large abominations
  2 ice beasts (Vaults:2)
  2 meliai simulacra (D:15)
  A glowing shapeshifter skeleton (Depths:3)
  23 orc warriors
  3 black bears
  5 sky beasts
  9 small abominations
  An alligator simulacrum (Shoals:2)
  5 ogres
  7 boggarts
  6 centaurs
  34 wolves
  3 lemures (D:7)
  A phantom (D:7)
  2 elf zombies (D:8)
  5 kobold brigands
  An earth elemental (Abyss:2)
  12 bullfrogs
  4 gnoll sergeants
  3 scorpions
  2 deep troll simulacra (Shoals:2)
  An elf skeleton (D:8)
  A hornet simulacrum (D:14)
  3 wights (D:9)
  3 lindwurm simulacra (Shoals:2)
  5 killer bees (D:9)
  2 electric eels (D:15)
  3 howler monkeys
  4 jellies
  2 human zombies (D:8)
  18 orc priests
  2 hounds (D:6)
  4 iguanas
  20 orc wizards
  A mummy (D:4)
  16 gnolls
  15 adders
  2 white imps
  2 ufetubi
  A worm (D:4)
  4 dart slugs
  61 orcs
  10 endoplasms
  8 hobgoblins
  11 jackals (D:4)
  3 quokkas
  9 ball pythons
  12 bats
  4 frilled lizards
  6 goblins
  24 kobolds
  4 kobold zombies (D:4)
  An orc zombie (D:8)
  2 rats
  A lurking horror (Abyss:2)
  4 starspawn tentacles (Abyss:2)
  5 tentacles (Shoals:2)
1954 creatures vanquished.

Vanquished Creatures (others)
  A draconian knight (WizLab)
  A merfolk javelineer (Shoals:4)
  An ogre mage (WizLab)
  A naga mage (WizLab)
  A water elemental (D:15)
  A naga (Snake:2)
  A shadow imp (D:8)
  4 starspawn tentacles (Abyss:2)
  6 tentacles (Shoals:2)
17 creatures vanquished.

Grand Total: 1971 creatures vanquished

Notes
Turn   | Place    | Note
-------+----------+-------------------------------------------
     0 | D:1      | qw the Gargoyle Fighter began the quest for the Orb.
     0 | D:1      | Reached XP level 1. HP: 14/14 MP: 1/1
     0 | D:1      | 0 ||| qw: Version: 0.2-a-102-gdf20003
     0 | D:1      | 0 ||| qw: Game counter: 772
     0 | D:1      | 0 ||| qw: Always use a shield: true
     0 | D:1      | 0 ||| qw: God list: Okawaru
     0 | D:1      | 0 ||| qw: Allow faded altars: false
     0 | D:1      | 0 ||| qw: Do Orc after D:15 true
     0 | D:1      | 0 ||| qw: Do second Lair branch before Depths: true
     0 | D:1      | 0 ||| qw: Lair rune preference: random
     0 | D:1      | 0 ||| qw: Plans: Normal, Zot:1-4, Slime:5, God:TSO, Crypt,
                  | Tomb, Pan, Hells, Abyss, Win
     0 | D:1      | 0 ||| PLANNING D:1-11
     8 | D:1      | 8 ||| Stepping ~*~*~tactically~*~*~ (stealth).
    10 | D:1      | 10 ||| Stepping ~*~*~tactically~*~*~ (stealth).
   108 | D:1      | 108 ||| Stepping ~*~*~tactically~*~*~ (hiding).
   118 | D:1      | Reached XP level 2. HP: 19/19 MP: 2/2
   259 | D:1      | 259 ||| FLEEEEING.
   260 | D:1      | 260 ||| FLEEEEING.
   261 | D:1      | 261 ||| FLEEEEING.
   263 | D:1      | 263 ||| FLEEEEING.
   264 | D:1      | 264 ||| FLEEEEING.
   265 | D:1      | 265 ||| FLEEEEING.
   266 | D:1      | 266 ||| FLEEEEING.
   370 | D:1      | Reached skill level 3 in Axes
   497 | D:1      | 497 ||| UPGRADING to +0 pair of gloves.
   502 | D:1      | 502 ||| UPGRADING to ring of positive energy.
   503 | D:1      | 503 ||| READING 3 scrolls labelled FOOSCH OTZU.
   504 | D:1      | 504 ||| READING scroll labelled ELECKYSMON.
   505 | D:1      | 505 ||| READING 2 scrolls labelled ANUTHE VUKAMO.
   506 | D:1      | 506 ||| DRINKING 3 clear potions.
   507 | D:1      | 507 ||| READING 2 scrolls of identify.
   507 | D:1      | 507 ||| IDENTIFYING fizzy grey potion
   508 | D:1      | 508 ||| DROPPING 2 potions of brilliance.
   509 | D:1      | 509 ||| DROPPING potion of degeneration.
   510 | D:1      | 510 ||| DROPPING scroll of noise.
   522 | D:2      | Reached XP level 3. HP: 22/23 MP: 3/3
  1004 | D:2      | Reached XP level 4. HP: 28/28 MP: 4/4
  1119 | D:2      | 1119 ||| Stepping ~*~*~tactically~*~*~ (hiding).
  1437 | D:2      | 1437 ||| UPGRADING to +4 ring of protection.
  1438 | D:2      | 1438 ||| READING scroll labelled IHIS XOHAA.
  1613 | D:3      | 1613 ||| DROPPING +0 club.
  1707 | D:3      | 1707 ||| Stepping ~*~*~tactically~*~*~ (hiding).
  1952 | D:3      | Reached XP level 5. HP: 32/32 MP: 5/5
  2520 | D:3      | 2520 ||| UPGRADING to +0 chain mail.
  2530 | D:3      | 2530 ||| DROPPING +0 scale mail.
  2531 | D:3      | 2531 ||| UPGRADING to amulet of faith.
  2536 | D:3      | 2536 ||| READING scroll labelled FOTRIOD TECZAMADGH.
  2539 | D:3      | 2539 ||| READING scroll labelled ONWIEVE GAIROE.
  2540 | D:3      | 2540 ||| DROPPING +0 mace.
  2541 | D:3      | 2541 ||| READING scroll labelled MESTRA ICUGAI.
  2542 | D:3      | 2542 ||| DRINKING 2 white potions.
  2542 | D:3      | Gained mutation: You occasionally shout uncontrollably at
                  | your foes. [potion of mutation]
  2542 | D:3      | Gained mutation: You passively map a small area around you.
                  | [potion of mutation]
  2542 | D:3      | Gained mutation: Your natural rate of healing is unusually
                  | fast. [potion of mutation]
  2588 | D:4      | 2588 ||| Stepping ~*~*~tactically~*~*~ (stealth).
  2650 | D:4      | Found Ivizxaa's Weapon Emporium.
  2663 | D:4      | 2663 ||| BUYING +0 broad axe of venom (68 gold).
  2663 | D:4      | Bought a +0 broad axe of venom for 68 gold pieces
  2663 | D:4      | 2663 ||| SWAPPING to +0 broad axe of venom.
  2674 | D:4      | Noticed an ogre
  2678 | D:4      | Killed an ogre
  2679 | D:4      | Reached XP level 6. HP: 37/37 MP: 6/6
  2774 | D:4      | Found a glowing golden altar of the Shining One.
  2780 | D:4      | Found a basalt altar of Yredelemnul.
  2782 | D:4      | Noticed a profane servitor
  2816 | D:4      | Found an opulent altar of Gozag.
  2825 | D:4      | Found a broken altar of Ashenzari.
  2825 | D:4      | Found an ancient bone altar of Kikubaaqudgha.
  3038 | D:4      | 3038 ||| Stepping ~*~*~tactically~*~*~ (stealth).
  3040 | D:4      | 3040 ||| Stepping ~*~*~tactically~*~*~ (stealth).
  3068 | D:4      | Found Cuocluc's Jewellery Shoppe.
  3076 | D:4      | 3076 ||| SHOPLISTING +4 ring of slaying (936 gold, have
                  | 118).
  3076 | D:4      | 3076 ||| SHOPLISTING +5 ring of evasion (432 gold, have
                  | 118).
  3076 | D:4      | 3076 ||| SHOPLISTING +6 ring of dexterity (432 gold, have
                  | 118).
  3076 | D:4      | 3076 ||| SHOPLISTING +6 ring of strength (432 gold, have
                  | 118).
  3076 | D:4      | 3076 ||| SHOPLISTING amulet of reflection (360 gold, have
                  | 118).
  3076 | D:4      | 3076 ||| SHOPLISTING ring of Makhleb's Displeasure {Contam
                  | rCorr Int+2 Dex+6} (566 gold, have 118).
  3078 | D:4      | 3078 ||| Stepping ~*~*~tactically~*~*~ (hiding).
  3099 | D:4      | 3099 ||| Stepping ~*~*~tactically~*~*~ (hiding).
  3217 | D:4      | 3217 ||| Stepping ~*~*~tactically~*~*~ (stealth).
  3222 | D:4      | Reached skill level 4 in Fighting
  3368 | D:4      | 3368 ||| Stepping ~*~*~tactically~*~*~ (stealth).
  3530 | D:4      | Noticed an angel
  3593 | D:4      | 3593 ||| READING scroll labelled XUGULU NIAPN.
  3594 | D:4      | 3594 ||| READING scroll labelled TUT WAWKOQOYRO.
  3595 | D:4      | 3595 ||| READING scroll labelled WEICSO VIESAUR.
  3596 | D:4      | 3596 ||| DRINKING 2 pink potions.
  3597 | D:4      | 3597 ||| READING 2 scrolls of identify.
  3597 | D:4      | 3597 ||| IDENTIFYING blue potion
  3631 | D:5      | Entered Level 5 of the Dungeon
  3722 | D:5      | Identified the +1 spear "Fieskaj" {protect, rN++ rCorr}
  3846 | D:5      | Noticed a black bear
  3852 | D:5      | Killed a black bear
  3853 | D:5      | Reached skill level 6 in Axes
  3973 | D:5      | Noticed a water moccasin
  3974 | D:5      | 3974 ||| Stepping ~*~*~tactically~*~*~ (stealth).
  3977 | D:5      | Reached XP level 7. HP: 43/43 MP: 7/7
  4305 | D:5      | 4305 ||| READING scroll labelled DAYMPESIOFU.
  4306 | D:5      | 4306 ||| DRINKING 2 dark potions.
  4307 | D:5      | 4307 ||| READING 3 scrolls of identify.
  4307 | D:5      | 4307 ||| IDENTIFYING fizzy orange potion
  4308 | D:5      | 4308 ||| READING 2 scrolls of identify.
  4308 | D:5      | 4308 ||| IDENTIFYING grey potion
  4309 | D:5      | 4309 ||| DROPPING potion of magic.
  4310 | D:5      | 4310 ||| DROPPING potion of flight.
  4333 | D:6      | Found a runed translucent gate.
  4333 | D:6      | Found a runed translucent gate.
  4333 | D:6      | Found a runed translucent gate.
  4399 | D:6      | 4399 ||| Stepping ~*~*~tactically~*~*~ (stealth).
  4404 | D:6      | Noticed Grinder
  4405 | D:6      | 4405 ||| Stepping ~*~*~tactically~*~*~ (stealth).
  4413 | D:6      | 4413 ||| Stepping ~*~*~tactically~*~*~ (stealth).
  4448 | D:6      | Reached XP level 8. HP: 48/48 MP: 8/8
  4481 | D:6      | Reached skill level 5 in Fighting
  4664 | D:6      | 4664 ||| Stepping ~*~*~tactically~*~*~ (stealth).
  4665 | D:6      | 4665 ||| Stepping ~*~*~tactically~*~*~ (stealth).
  4705 | D:6      | 4705 ||| Stepping ~*~*~tactically~*~*~ (stealth).
  4706 | D:6      | 4706 ||| Stepping ~*~*~tactically~*~*~ (stealth).
  4708 | D:6      | 4708 ||| Stepping ~*~*~tactically~*~*~ (hiding).
  4709 | D:6      | 4709 ||| Stepping ~*~*~tactically~*~*~ (hiding).
  4719 | D:6      | Killed Grinder
  4720 | D:6      | Reached skill level 6 in Fighting
  4772 | D:6      | 4772 ||| Stepping ~*~*~tactically~*~*~ (hiding).
  4774 | D:6      | 4774 ||| Stepping ~*~*~tactically~*~*~ (hiding).
  4792 | D:6      | Found Befefoupt's General Store.
  4801 | D:6      | 4801 ||| BUYING scroll of identify (22 gold).
  4801 | D:6      | Bought a scroll of identify for 22 gold pieces
  4801 | D:6      | 4801 ||| BUYING scroll of identify (22 gold).
  4801 | D:6      | Bought a scroll of identify for 22 gold pieces
  4852 | D:6      | Found a runed translucent door.
  4853 | D:6      | Noticed Crazy Yiuf
  4934 | D:6      | Noticed qw's ghost (novice GrFi)
  4958 | D:6      | 4958 ||| READING 4 scrolls of identify.
  4958 | D:6      | 4958 ||| IDENTIFYING metallic yellow potion
  4959 | D:6      | 4959 ||| READING 3 scrolls of identify.
  4959 | D:6      | 4959 ||| IDENTIFYING inky potion
  4960 | D:6      | 4960 ||| READING 2 scrolls of identify.
  4960 | D:6      | 4960 ||| IDENTIFYING silvery potion
  4998 | D:7      | Found a blossoming altar of Fedhas.
  5001 | D:7      | 5001 ||| Stepping ~*~*~tactically~*~*~ (hiding).
  5112 | D:7      | Noticed Maggie
  5113 | D:7      | 5113 ||| Stepping ~*~*~tactically~*~*~ (hiding).
  5126 | D:7      | Killed Maggie
  5127 | D:7      | Reached skill level 9 in Axes
  5127 | D:7      | Reached XP level 9. HP: 28/56 MP: 9/9
  5128 | D:7      | Noticed Prince Ribbit
  5131 | D:7      | 5131 ||| Stepping ~*~*~tactically~*~*~ (stealth).
  5142 | D:7      | Killed Prince Ribbit
  5146 | D:7      | 5146 ||| Stepping ~*~*~tactically~*~*~ (stealth).
  5225 | D:7      | Found a sacrificial altar of Ru.
  5232 | D:7      | 5232 ||| Stepping ~*~*~tactically~*~*~ (hiding).
  5367 | D:7      | 5367 ||| Stepping ~*~*~tactically~*~*~ (hiding).
  5370 | D:7      | 5370 ||| Stepping ~*~*~tactically~*~*~ (hiding).
  5429 | D:7      | 5429 ||| Stepping ~*~*~tactically~*~*~ (stealth).
  5429 | D:7      | Found a snail-covered altar of Cheibriados.
  5430 | D:7      | 5430 ||| Stepping ~*~*~tactically~*~*~ (stealth).
  5509 | D:7      | Reached skill level 7 in Fighting
  5701 | D:7      | Noticed Pikel
  5705 | D:7      | 5705 ||| Stepping ~*~*~tactically~*~*~ (stealth).
  5712 | D:7      | Killed Pikel
  5846 | D:7      | 5846 ||| Stepping ~*~*~tactically~*~*~ (stealth).
  5867 | D:7      | Found a hide-covered altar of Uskayaw.
  5908 | D:7      | Found a staircase to the Ecumenical Temple.
  5909 | D:7      | 5909 ||| PLANNING TEMPLE
  5909 | D:7      | 5909 ||| READING 3 scrolls of identify.
  5909 | D:7      | 5909 ||| IDENTIFYING orange potion
  5910 | D:7      | 5910 ||| DROPPING potion of ambrosia.
  5916 | Temple   | Entered the Ecumenical Temple
  5917 | Temple   | 5917 ||| PLANNING OKAWARU WORSHIP
  6073 | Temple   | Became a worshipper of Warmaster Okawaru
  6073 | Temple   | 6073 ||| PLANNING D:1-11
  6114 | D:8      | 6114 ||| PLANNING OSSUARY
  6142 | D:8      | Reached XP level 10. HP: 64/64 MP: 10/10
  6156 | D:8      | Reached skill level 8 in Fighting
  6269 | D:8      | Found a glowing silver altar of Zin.
  6352 | D:8      | 6352 ||| FLEEEEING.
  6353 | D:8      | 6353 ||| FLEEEEING.
  6354 | D:8      | 6354 ||| FLEEEEING.
  6355 | D:8      | 6355 ||| FLEEEEING.
  6356 | D:8      | 6356 ||| FLEEEEING.
  6439 | D:8      | Found a shimmering altar of Xom.
  6488 | D:8      | Noticed a two-headed ogre
  6499 | D:8      | Killed a two-headed ogre
  6499 | D:8      | Reached * piety under Okawaru
  6563 | D:8      | Found a staircase to the Lair.
  6564 | D:8      | 6564 ||| INVOKING Heroism.
  6629 | D:8      | Found a sparkling altar of Nemelex Xobeh.
  6752 | D:8      | 6752 ||| RIP OSSUARY
  6763 | D:8      | 6763 ||| PLANNING LAIR
  6763 | D:8      | 6763 ||| UPGRADING to +0 plate armour.
  6773 | D:8      | 6773 ||| DROPPING +0 chain mail.
  6774 | D:8      | 6774 ||| READING scroll labelled PUNWIR UN RYN.
  6775 | D:8      | 6775 ||| READING 3 scrolls of identify.
  6775 | D:8      | 6775 ||| IDENTIFYING coppery potion
  6776 | D:8      | 6776 ||| DROPPING potion of berserk rage.
  6806 | Lair:1   | Entered Level 1 of the Lair of Beasts
  6812 | Lair:1   | 6812 ||| STAIRDANCE
  6816 | D:8      | Reached skill level 1 in Invocations
  6861 | Lair:1   | 6861 ||| INVOKING Heroism.
  6865 | Lair:1   | Reached skill level 1 in Throwing
  6981 | Lair:1   | Reached skill level 3 in Invocations
  7026 | Lair:1   | Noticed a cane toad
  7027 | Lair:1   | 7027 ||| INVOKING Heroism.
  7030 | Lair:1   | Killed a cane toad
  7030 | Lair:1   | Reached ** piety under Okawaru
  7030 | Lair:1   | Noticed a cane toad
  7031 | Lair:1   | 7031 ||| Stepping ~*~*~tactically~*~*~ (stealth).
  7040 | Lair:1   | Killed a cane toad
  7149 | Lair:1   | Noticed a cane toad
  7150 | Lair:1   | 7150 ||| INVOKING Heroism.
  7157 | Lair:1   | Killed a cane toad
  7158 | Lair:1   | Reached skill level 6 in Armour
  7183 | Lair:1   | Identified the +11 chain mail of Vaozises {rElec rPois
                  | Stlth+}
  7299 | Lair:1   | 7299 ||| Stepping ~*~*~tactically~*~*~ (stealth).
  7306 | Lair:1   | Reached skill level 3 in Throwing
  7314 | Lair:1   | Reached *** piety under Okawaru
  7315 | Lair:1   | Reached XP level 11. HP: 68/68 MP: 14/14
  7315 | Lair:1   | 7315 ||| Stepping ~*~*~tactically~*~*~ (stealth).
  7467 | Lair:1   | 7467 ||| Stepping ~*~*~tactically~*~*~ (stealth).
  7667 | Lair:1   | Noticed a fire dragon
  7668 | Lair:1   | 7668 ||| INVOKING Heroism.
  7683 | Lair:1   | HP: 9/69 [fire dragon/blast of flame (15)]
  7684 | Lair:1   | 7684 ||| READING 3 scrolls of teleportation.
  7685 | Lair:1   | 7685 ||| DRINKING potion of heal wounds.
  7686 | Lair:1   | Killed a fire dragon
  7687 | Lair:1   | Reached skill level 9 in Fighting
  7849 | Lair:1   | 7849 ||| INVOKING Heroism.
  7894 | Lair:1   | Reached **** piety under Okawaru
  8099 | Lair:1   | 8099 ||| UPGRADING to +11 chain mail of Vaozises {rElec
                  | rPois Stlth+}.
  8109 | Lair:1   | 8109 ||| DROPPING +0 plate armour.
  8117 | Lair:1   | 8117 ||| READING 2 scrolls of identify.
  8117 | Lair:1   | 8117 ||| IDENTIFYING bubbling golden potion
  8140 | Lair:1   | Found the amulet of the Four Winds {rN+ Will+++ Clar}
  8240 | Lair:2   | 8240 ||| INVOKING Heroism.
  8260 | Lair:2   | 8260 ||| Stepping ~*~*~tactically~*~*~ (stealth).
  8266 | Lair:2   | Received a gift from Okawaru
  8269 | Lair:2   | 8269 ||| INVOKING Heroism.
  8282 | Lair:2   | Received a gift from Okawaru
  8283 | Lair:2   | 8283 ||| Stepping ~*~*~tactically~*~*~ (hiding).
  8286 | Lair:2   | 8286 ||| INVOKING Heroism.
  8303 | Lair:2   | Reached skill level 12 in Axes
  8304 | Lair:2   | Reached skill level 6 in Invocations
  8319 | Lair:2   | Reached ***** piety under Okawaru
  8330 | Lair:2   | Reached skill level 6 in Shields
  8370 | Lair:2   | Found a staircase to the Snake Pit.
  8402 | Lair:2   | 8402 ||| INVOKING Heroism.
  8412 | Lair:2   | Reached XP level 12. HP: 55/77 MP: 15/17
  8419 | Lair:2   | Received a gift from Okawaru
  8420 | Lair:2   | Reached skill level 10 in Fighting
  8496 | Lair:2   | 8496 ||| INVOKING Heroism.
  8658 | Lair:2   | 8658 ||| INVOKING Heroism.
  8686 | Lair:2   | Reached skill level 9 in Invocations
  8694 | Lair:2   | 8694 ||| INVOKING Heroism.
  8717 | Lair:2   | 8717 ||| INVOKING Heroism.
  8876 | Lair:2   | 8876 ||| INVOKING Heroism.
  9087 | Lair:2   | 9087 ||| INVOKING Heroism.
  9093 | Lair:2   | Received a gift from Okawaru
  9511 | Lair:3   | 9511 ||| STAIRDANCE
  9544 | Lair:3   | 9544 ||| Stepping ~*~*~tactically~*~*~ (stealth).
  9553 | Lair:3   | 9553 ||| INVOKING Heroism.
  9628 | Lair:3   | 9628 ||| INVOKING Heroism.
  9773 | Lair:3   | 9773 ||| INVOKING Heroism.
  9853 | Lair:3   | 9853 ||| Stepping ~*~*~tactically~*~*~ (hiding).
  9909 | Lair:3   | Reached ****** piety under Okawaru
 10059 | Lair:3   | Found a staircase to the Shoals.
 10122 | Lair:3   | Received a gift from Okawaru
 10123 | Lair:3   | Reached XP level 13. HP: 82/82 MP: 20/20
 10668 | Lair:4   | 10668 ||| INVOKING Heroism.
 10669 | Lair:4   | 10669 ||| Stepping ~*~*~tactically~*~*~ (stealth).
 10816 | Lair:4   | 10816 ||| Stepping ~*~*~tactically~*~*~ (stealth).
 10855 | Lair:4   | 10855 ||| INVOKING Heroism.
 10856 | Lair:4   | 10856 ||| INVOKING Finesse.
 10857 | Lair:4   | Noticed Sonja
 10858 | Lair:4   | 10858 ||| Stepping ~*~*~tactically~*~*~ (stealth).
 10859 | Lair:4   | 10859 ||| Stepping ~*~*~tactically~*~*~ (stealth).
 10861 | Lair:4   | 10861 ||| SWAPPING to +1 war axe of flaming.
 10866 | Lair:4   | Received a gift from Okawaru
 10867 | Lair:4   | 10867 ||| SWAPPING to +0 broad axe of venom.
 10876 | Lair:4   | 10876 ||| Stepping ~*~*~tactically~*~*~ (hiding).
 10892 | Lair:4   | Killed Sonja
 10892 | Lair:4   | Received a gift from Okawaru
 10969 | Lair:4   | Found a staircase to the Slime Pits.
 10971 | Lair:4   | 10971 ||| Stepping ~*~*~tactically~*~*~ (stealth).
 10972 | Lair:4   | 10972 ||| Stepping ~*~*~tactically~*~*~ (stealth).
 10996 | Lair:4   | 10996 ||| INVOKING Heroism.
 10997 | Lair:4   | 10997 ||| INVOKING Finesse.
 11002 | Lair:4   | 11002 ||| SWAPPING to +1 war axe of flaming.
 11004 | Lair:4   | 11004 ||| SWAPPING to +0 broad axe of venom.
 11086 | Lair:4   | Noticed Nessos
 11087 | Lair:4   | 11087 ||| Stepping ~*~*~tactically~*~*~ (hiding).
 11089 | Lair:4   | 11089 ||| Stepping ~*~*~tactically~*~*~ (hiding).
 11090 | Lair:4   | 11090 ||| Stepping ~*~*~tactically~*~*~ (hiding).
 11091 | Lair:4   | 11091 ||| Stepping ~*~*~tactically~*~*~ (hiding).
 11092 | Lair:4   | 11092 ||| Stepping ~*~*~tactically~*~*~ (hiding).
 11093 | Lair:4   | 11093 ||| INVOKING Finesse.
 11102 | Lair:4   | Killed Nessos
 11103 | Lair:4   | Reached skill level 11 in Fighting
 11249 | Lair:4   | 11249 ||| Stepping ~*~*~tactically~*~*~ (stealth).
 11250 | Lair:4   | 11250 ||| Stepping ~*~*~tactically~*~*~ (stealth).
 11516 | Lair:5   | Entered Level 5 of the Lair of Beasts
 11527 | Lair:5   | 11527 ||| INVOKING Heroism.
 11559 | Lair:5   | 11559 ||| Stepping ~*~*~tactically~*~*~ (stealth).
 11560 | Lair:5   | 11560 ||| Stepping ~*~*~tactically~*~*~ (stealth).
 11561 | Lair:5   | 11561 ||| INVOKING Heroism.
 11612 | Lair:5   | 11612 ||| INVOKING Heroism.
 11650 | Lair:5   | 11650 ||| Stepping ~*~*~tactically~*~*~ (stealth).
 11743 | Lair:5   | 11743 ||| INVOKING Heroism.
 11808 | Lair:5   | 11808 ||| INVOKING Heroism.
 11932 | Lair:5   | 11932 ||| Stepping ~*~*~tactically~*~*~ (hiding).
 11934 | Lair:5   | 11934 ||| Stepping ~*~*~tactically~*~*~ (hiding).
 11935 | Lair:5   | 11935 ||| INVOKING Heroism.
 11939 | Lair:5   | Received a gift from Okawaru
 12229 | Lair:5   | 12229 ||| INVOKING Heroism.
 12230 | Lair:5   | 12230 ||| INVOKING Finesse.
 12294 | Lair:5   | 12294 ||| INVOKING Heroism.
 12323 | Lair:5   | 12323 ||| Stepping ~*~*~tactically~*~*~ (stealth).
 12334 | Lair:5   | Received a gift from Okawaru
 12337 | Lair:5   | 12337 ||| INVOKING Heroism.
 12346 | Lair:5   | Received a gift from Okawaru
 12361 | Lair:5   | 12361 ||| INVOKING Heroism.
 12364 | Lair:5   | Reached skill level 15 in Axes
 12401 | Lair:5   | 12401 ||| Stepping ~*~*~tactically~*~*~ (stealth).
 12447 | Lair:5   | 12447 ||| Stepping ~*~*~tactically~*~*~ (hiding).
 12448 | Lair:5   | 12448 ||| Stepping ~*~*~tactically~*~*~ (hiding).
 12451 | Lair:5   | 12451 ||| INVOKING Heroism.
 12464 | Lair:5   | Reached skill level 6 in Throwing
 12473 | Lair:5   | 12473 ||| Stepping ~*~*~tactically~*~*~ (hiding).
 12474 | Lair:5   | 12474 ||| Stepping ~*~*~tactically~*~*~ (hiding).
 12487 | Lair:5   | Gained mutation: Your large and strong wings let you fly.
                  | [Gargoyle growth]
 12487 | Lair:5   | Reached XP level 14. HP: 89/90 MP: 21/21
 12498 | Lair:5   | Received a gift from Okawaru
 12539 | Lair:5   | 12539 ||| INVOKING Heroism.
 12546 | Lair:5   | Reached skill level 3 in Dodging
 12658 | Lair:5   | 12658 ||| PLANNING D:1-11
 13187 | D:8      | 13187 ||| Stepping ~*~*~tactically~*~*~ (hiding).
 13219 | D:8      | Received a gift from Okawaru
 13263 | D:8      | Identified the +4 flail "Meadem" {flame, rElec rCorr Dex+2}
 13325 | D:8      | 13325 ||| DROPPING +6 ring of intelligence.
 13326 | D:8      | 13326 ||| READING 3 scrolls of identify.
 13326 | D:8      | 13326 ||| IDENTIFYING sedimented cyan potion
 13327 | D:8      | 13327 ||| DROPPING potion of invisibility.
 13373 | D:9      | 13373 ||| DRINKING potion of experience.
 13373 | D:9      | Reached skill level 13 in Fighting
 13373 | D:9      | Reached XP level 15. HP: 99/99 MP: 22/22
 13478 | D:9      | Found a shadowy altar of Dithmenos.
 13479 | D:9      | Found a radiant altar of Vehumet.
 13484 | D:9      | Found a stormy altar of Qazlal.
 13648 | D:9      | 13648 ||| DRINKING 4 potions of curing.
 13648 | D:9      | 13648 ||| (to cure confusion)
 13700 | D:9      | 13700 ||| Stepping ~*~*~tactically~*~*~ (stealth).
 13702 | D:9      | 13702 ||| Stepping ~*~*~tactically~*~*~ (stealth).
 13773 | D:9      | 13773 ||| Stepping ~*~*~tactically~*~*~ (hiding).
 13774 | D:9      | 13774 ||| Stepping ~*~*~tactically~*~*~ (hiding).
 13775 | D:9      | 13775 ||| Stepping ~*~*~tactically~*~*~ (hiding).
 13926 | D:9      | 13926 ||| Stepping ~*~*~tactically~*~*~ (stealth).
 13928 | D:9      | 13928 ||| Stepping ~*~*~tactically~*~*~ (hiding).
 13929 | D:9      | 13929 ||| Stepping ~*~*~tactically~*~*~ (hiding).
 13930 | D:9      | 13930 ||| Stepping ~*~*~tactically~*~*~ (hiding).
 14074 | D:9      | 14074 ||| Stepping ~*~*~tactically~*~*~ (hiding).
 14261 | D:10     | Entered Level 10 of the Dungeon
 14346 | D:10     | 14346 ||| READING scroll of enchant weapon.
 14346 | D:10     | 14346 ||| ENCHANTING +0 broad axe of venom.
 14354 | D:10     | 14354 ||| READING scroll of brand weapon.
 14354 | D:10     | 14354 ||| BRANDING +1 broad axe of venom.
 14412 | D:10     | Noticed Amaemon
 14422 | D:10     | Killed Amaemon
 14523 | D:10     | Received a gift from Okawaru
 14546 | D:10     | 14546 ||| FLEEEEING.
 14547 | D:10     | 14547 ||| FLEEEEING.
 14552 | D:10     | 14552 ||| Stepping ~*~*~tactically~*~*~ (hiding).
 14553 | D:10     | 14553 ||| Stepping ~*~*~tactically~*~*~ (hiding).
 14554 | D:10     | 14554 ||| Stepping ~*~*~tactically~*~*~ (hiding).
 14678 | D:10     | 14678 ||| Stepping ~*~*~tactically~*~*~ (stealth).
 14721 | D:10     | Found a shimmering blue altar of Sif Muna.
 14731 | D:10     | 14731 ||| DRINKING 3 potions of curing.
 14731 | D:10     | 14731 ||| (to cure confusion)
 14854 | D:10     | 14854 ||| READING scroll of enchant armour.
 14854 | D:10     | 14854 ||| ENCHANTING +0 pair of gloves.
 14925 | D:10     | 14925 ||| Stepping ~*~*~tactically~*~*~ (hiding).
 14932 | D:10     | 14932 ||| Stepping ~*~*~tactically~*~*~ (stealth).
 15023 | D:10     | 15023 ||| DROPPING orb of energy.
 15213 | D:11     | 15213 ||| Stepping ~*~*~tactically~*~*~ (hiding).
 15219 | D:11     | 15219 ||| INVOKING Heroism.
 15321 | D:11     | 15321 ||| INVOKING Heroism.
 15323 | D:11     | 15323 ||| SWAPPING to +1 war axe of flaming.
 15333 | D:11     | 15333 ||| SWAPPING to +1 broad axe of electrocution.
 15375 | D:11     | 15375 ||| INVOKING Heroism.
 15427 | D:11     | 15427 ||| Stepping ~*~*~tactically~*~*~ (stealth).
 15428 | D:11     | 15428 ||| Stepping ~*~*~tactically~*~*~ (stealth).
 15470 | D:11     | 15470 ||| Stepping ~*~*~tactically~*~*~ (hiding).
 15501 | D:11     | 15501 ||| Stepping ~*~*~tactically~*~*~ (stealth).
 15520 | D:11     | Received a gift from Okawaru
 15568 | D:11     | 15568 ||| Stepping ~*~*~tactically~*~*~ (hiding).
 15599 | D:11     | 15599 ||| Stepping ~*~*~tactically~*~*~ (stealth).
 15616 | D:11     | 15616 ||| Stepping ~*~*~tactically~*~*~ (stealth).
 15620 | D:11     | 15620 ||| Stepping ~*~*~tactically~*~*~ (stealth).
 15642 | D:11     | 15642 ||| INVOKING Heroism.
 15654 | D:11     | 15654 ||| SWAPPING to +1 war axe of flaming.
 15661 | D:11     | Reached skill level 9 in Armour
 15661 | D:11     | 15661 ||| SWAPPING to +1 broad axe of electrocution.
 15668 | D:11     | Received a gift from Okawaru
 15834 | D:11     | 15834 ||| Stepping randomly (disturbance).
 15923 | D:11     | Found a staircase to the Orcish Mines.
 15948 | D:11     | Found a hide-covered altar of Uskayaw.
 16014 | D:11     | 16014 ||| Stepping ~*~*~tactically~*~*~ (hiding).
 16035 | D:11     | 16035 ||| Stepping ~*~*~tactically~*~*~ (hiding).
 16198 | D:11     | Found a portal to a secret trove of treasure.
 16338 | D:11     | 16338 ||| READING scroll of enchant weapon.
 16338 | D:11     | 16338 ||| ENCHANTING +1 broad axe of electrocution.
 16383 | D:11     | Identified the +1 helmet "Attyxeyt" {rElec Dex-5 Slay+2}
                  | (Okawaru gifted it to you on level 11 of the Dungeon)
 16383 | D:11     | Received a gift from Okawaru
 16478 | D:11     | 16478 ||| PLANNING D
 16478 | D:11     | 16478 ||| UPGRADING to +1 helmet "Attyxeyt" {rElec Dex-5
                  | Slay+2}.
 16483 | D:11     | 16483 ||| DROPPING amulet of regeneration.
 16484 | D:11     | 16484 ||| UPGRADING to ring of protection from fire.
 16615 | D:12     | Noticed Azrael
 16619 | D:12     | 16619 ||| INVOKING Heroism.
 16621 | D:12     | 16621 ||| INVOKING Finesse.
 16639 | D:12     | Killed Azrael
 16832 | D:12     | 16832 ||| Stepping ~*~*~tactically~*~*~ (stealth).
 16834 | D:12     | 16834 ||| Stepping ~*~*~tactically~*~*~ (hiding).
 16850 | D:12     | 16850 ||| READING 4 scrolls of teleportation.
 16851 | D:12     | 16851 ||| INVOKING Heroism.
 16854 | D:12     | 16854 ||| READING 3 scrolls of teleportation.
 17044 | D:12     | 17044 ||| Stepping ~*~*~tactically~*~*~ (hiding).
 17054 | D:12     | 17054 ||| INVOKING Heroism.
 17055 | D:12     | 17055 ||| READING 2 scrolls of teleportation.
 17151 | D:12     | 17151 ||| Stepping ~*~*~tactically~*~*~ (stealth).
 17153 | D:12     | 17153 ||| Stepping ~*~*~tactically~*~*~ (hiding).
 17361 | D:12     | 17361 ||| Stepping ~*~*~tactically~*~*~ (stealth).
 17481 | D:13     | Found a transporter.
 17484 | D:13     | Noticed Ahonude's ghost (journeyman TrMo)
 17547 | D:13     | 17547 ||| INVOKING Heroism.
 17552 | D:13     | 17552 ||| SWAPPING to +1 war axe of flaming.
 17557 | D:13     | 17557 ||| SWAPPING to +2 broad axe of electrocution.
 17605 | D:13     | Found a transporter.
 17619 | D:13     | Reached XP level 16. HP: 104/104 MP: 23/23
 17629 | D:13     | 17629 ||| Stepping ~*~*~tactically~*~*~ (stealth).
 17768 | D:13     | You are sucked into a shaft and drop 2 floors!
 17768 | D:15     | Entered Level 15 of the Dungeon
 17780 | D:15     | 17780 ||| INVOKING Heroism.
 17815 | D:15     | 17815 ||| INVOKING Heroism.
 17875 | D:15     | Found a staircase to the Depths.
 17908 | D:15     | 17908 ||| INVOKING Heroism.
 17949 | D:15     | Received a gift from Okawaru
 17951 | D:15     | Noticed Louise
 17952 | D:15     | 17952 ||| INVOKING Finesse.
 17953 | Abyss:2  | Cast into level 2 of the Abyss (Louise)
 18021 | Abyss:2  | 18021 ||| Stepping ~*~*~tactically~*~*~ (stealth).
 18024 | Abyss:2  | 18024 ||| Stepping ~*~*~tactically~*~*~ (hiding).
 18025 | Abyss:2  | 18025 ||| Stepping ~*~*~tactically~*~*~ (hiding).
 18026 | Abyss:2  | 18026 ||| Stepping ~*~*~tactically~*~*~ (hiding).
 18027 | Abyss:2  | 18027 ||| Stepping ~*~*~tactically~*~*~ (hiding).
 18029 | Abyss:2  | 18029 ||| Stepping ~*~*~tactically~*~*~ (hiding).
 18030 | Abyss:2  | 18030 ||| Stepping ~*~*~tactically~*~*~ (hiding).
 18053 | Abyss:2  | 18053 ||| Stepping ~*~*~tactically~*~*~ (stealth).
 18054 | Abyss:2  | 18054 ||| Stepping ~*~*~tactically~*~*~ (stealth).
 18055 | Abyss:2  | 18055 ||| Stepping ~*~*~tactically~*~*~ (stealth).
 18056 | Abyss:2  | 18056 ||| Stepping ~*~*~tactically~*~*~ (stealth).
 18077 | Abyss:2  | 18077 ||| Stepping ~*~*~tactically~*~*~ (stealth).
 18092 | Abyss:2  | 18092 ||| Stepping ~*~*~tactically~*~*~ (stealth).
 18164 | Abyss:2  | 18164 ||| Stepping ~*~*~tactically~*~*~ (stealth).
 18175 | Abyss:2  | 18175 ||| INVOKING Heroism.
 18180 | Abyss:2  | 18180 ||| Stepping ~*~*~tactically~*~*~ (stealth).
 18191 | Abyss:2  | 18191 ||| Stepping ~*~*~tactically~*~*~ (stealth).
 18193 | Abyss:2  | 18193 ||| Stepping ~*~*~tactically~*~*~ (stealth).
 18198 | Abyss:2  | 18198 ||| Stepping ~*~*~tactically~*~*~ (stealth).
 18212 | Abyss:2  | 18212 ||| Stepping ~*~*~tactically~*~*~ (hiding).
 18220 | Abyss:2  | 18220 ||| DRINKING 2 potions of curing.
 18220 | Abyss:2  | 18220 ||| (to cure confusion)
 18229 | Abyss:2  | Gained mutation: Your spells are a little easier to cast,
                  | but a little less powerful. [a cacodemon]
 18246 | Abyss:2  | 18246 ||| Stepping ~*~*~tactically~*~*~ (hiding).
 18303 | Abyss:2  | 18303 ||| Stepping ~*~*~tactically~*~*~ (hiding).
 18350 | Abyss:2  | 18350 ||| Stepping ~*~*~tactically~*~*~ (stealth).
 18355 | Abyss:2  | 18355 ||| Stepping ~*~*~tactically~*~*~ (stealth).
 18362 | Abyss:2  | 18362 ||| Stepping ~*~*~tactically~*~*~ (stealth).
 18399 | Abyss:2  | Found a corrupted altar of Lugonu.
 18411 | Abyss:2  | Noticed a tentacled starspawn
 18412 | Abyss:2  | 18412 ||| Stepping ~*~*~tactically~*~*~ (hiding).
 18413 | Abyss:2  | 18413 ||| Stepping ~*~*~tactically~*~*~ (hiding).
 18421 | Abyss:2  | Killed a tentacled starspawn
 18423 | Abyss:2  | 18423 ||| Stepping ~*~*~tactically~*~*~ (stealth).
 18424 | Abyss:2  | 18424 ||| Stepping ~*~*~tactically~*~*~ (stealth).
 18443 | Abyss:2  | 18443 ||| Stepping ~*~*~tactically~*~*~ (stealth).
 18444 | Abyss:2  | 18444 ||| Stepping ~*~*~tactically~*~*~ (stealth).
 18446 | Abyss:2  | 18446 ||| Stepping ~*~*~tactically~*~*~ (stealth).
 18447 | Abyss:2  | 18447 ||| Stepping ~*~*~tactically~*~*~ (stealth).
 18462 | Abyss:2  | 18462 ||| Stepping ~*~*~tactically~*~*~ (stealth).
 18467 | Abyss:2  | 18467 ||| Stepping ~*~*~tactically~*~*~ (hiding).
 18469 | Abyss:2  | 18469 ||| Stepping ~*~*~tactically~*~*~ (hiding).
 18478 | Abyss:2  | 18478 ||| Stepping ~*~*~tactically~*~*~ (stealth).
 18484 | Abyss:2  | Noticed a tentacled starspawn
 18488 | Abyss:2  | 18488 ||| Stepping ~*~*~tactically~*~*~ (hiding).
 18500 | Abyss:2  | 18500 ||| INVOKING Heroism.
 18501 | Abyss:2  | Killed a tentacled starspawn
 18502 | Abyss:2  | Reached skill level 18 in Axes
 18504 | D:15     | Escaped the Abyss
 18505 | D:15     | 18505 ||| INVOKING Finesse.
 18539 | D:15     | Killed Louise
 18611 | D:15     | 18611 ||| INVOKING Heroism.
 18642 | D:15     | Reached skill level 9 in Shields
 18654 | D:15     | 18654 ||| Stepping ~*~*~tactically~*~*~ (hiding).
 18664 | D:15     | Received a gift from Okawaru
 18676 | D:15     | 18676 ||| INVOKING Heroism.
 18678 | D:15     | 18678 ||| Stepping ~*~*~tactically~*~*~ (hiding).
 18708 | D:15     | HP: 24/105 [skeletal warrior/+0 flail (17)]
 18709 | D:15     | 18709 ||| READING scroll of teleportation.
 18710 | D:15     | 18710 ||| DRINKING 2 potions of heal wounds.
 18712 | D:15     | Reached skill level 14 in Fighting
 18713 | D:15     | HP: 23/106 [mirror damage (4)]
 18726 | D:15     | 18726 ||| INVOKING Heroism.
 18728 | D:15     | 18728 ||| Stepping ~*~*~tactically~*~*~ (hiding).
 18731 | D:15     | 18731 ||| Stepping ~*~*~tactically~*~*~ (hiding).
 18741 | D:15     | Received a gift from Okawaru
 18871 | D:15     | 18871 ||| UPGRADING to +0 tower shield.
 18881 | D:15     | 18881 ||| DROPPING +0 buckler.
 18939 | D:14     | Received a gift from Okawaru
 18961 | D:14     | Found a gate to the Vaults.
 18970 | D:14     | 18970 ||| INVOKING Heroism.
 18975 | D:14     | 18975 ||| Stepping ~*~*~tactically~*~*~ (hiding).
 19036 | D:14     | 19036 ||| READING scroll labelled FOAJEM ZUKK.
 19045 | D:14     | 19045 ||| Stepping ~*~*~tactically~*~*~ (stealth).
 19059 | D:14     | Found a runed translucent gate.
 19059 | D:14     | Found a runed translucent gate.
 19059 | D:14     | Found a runed translucent gate.
 19061 | D:14     | 19061 ||| Stepping ~*~*~tactically~*~*~ (stealth).
 19062 | D:14     | Noticed qw's ghost (journeyman GrFi)
 19224 | D:13     | Identified the +0 ring mail of Cah Targh {rPois}
 19247 | D:13     | 19247 ||| INVOKING Heroism.
 19248 | D:13     | 19248 ||| INVOKING Finesse.
 19254 | D:13     | 19254 ||| SWAPPING to +1 war axe of flaming.
 19259 | D:13     | 19259 ||| SWAPPING to +2 broad axe of electrocution.
 19412 | D:13     | 19412 ||| READING scroll labelled TIYNWAITUS.
 19466 | D:14     | 19466 ||| Stepping ~*~*~tactically~*~*~ (stealth).
 19487 | D:14     | 19487 ||| INVOKING Heroism.
 19488 | D:14     | 19488 ||| SWAPPING to +1 war axe of flaming.
 19491 | D:14     | 19491 ||| SWAPPING to +2 broad axe of electrocution.
 19520 | D:14     | 19520 ||| Stepping ~*~*~tactically~*~*~ (stealth).
 19557 | D:14     | 19557 ||| INVOKING Heroism.
 19559 | D:14     | 19559 ||| SWAPPING to +1 war axe of flaming.
 19564 | D:14     | 19564 ||| SWAPPING to +2 broad axe of electrocution.
 19697 | D:14     | 19697 ||| Stepping ~*~*~tactically~*~*~ (hiding).
 19701 | D:14     | 19701 ||| INVOKING Heroism.
 19830 | D:14     | 19830 ||| Stepping ~*~*~tactically~*~*~ (hiding).
 19832 | D:14     | 19832 ||| Stepping ~*~*~tactically~*~*~ (hiding).
 20028 | D:14     | 20028 ||| Stepping ~*~*~tactically~*~*~ (stealth).
 20055 | D:14     | Noticed a sphinx
 20056 | D:14     | Noticed a sphinx
 20057 | D:14     | 20057 ||| INVOKING Heroism.
 20061 | D:14     | Killed a sphinx
 20062 | D:14     | Reached XP level 17. HP: 84/111 MP: 21/24
 20064 | D:14     | 20064 ||| SWAPPING to +1 war axe of flaming.
 20066 | D:14     | Killed a sphinx
 20066 | D:14     | Received a gift from Okawaru
 20073 | D:14     | Reached skill level 12 in Shields
 20073 | D:14     | 20073 ||| SWAPPING to +2 broad axe of electrocution.
 20076 | D:14     | Received a gift from Okawaru
 20079 | D:14     | HP: 12/111 [large slime creature (26)]
 20080 | D:14     | 20080 ||| DRINKING 2 potions of heal wounds.
 20104 | D:14     | 20104 ||| FLEEEEING.
 20105 | D:14     | 20105 ||| FLEEEEING.
 20109 | D:14     | 20109 ||| FLEEEEING.
 20110 | D:14     | 20110 ||| FLEEEEING.
 20114 | D:14     | 20114 ||| FLEEEEING.
 20115 | D:14     | 20115 ||| FLEEEEING.
 20119 | D:14     | 20119 ||| FLEEEEING.
 20120 | D:14     | 20120 ||| FLEEEEING.
 20127 | D:14     | 20127 ||| FLEEEEING.
 20128 | D:14     | 20128 ||| FLEEEEING.
 20129 | D:14     | 20129 ||| FLEEEEING.
 20130 | D:14     | 20130 ||| FLEEEEING.
 20131 | D:14     | 20131 ||| FLEEEEING.
 20132 | D:14     | 20132 ||| FLEEEEING.
 20133 | D:14     | 20133 ||| FLEEEEING.
 20134 | D:14     | 20134 ||| FLEEEEING.
 20137 | D:14     | 20137 ||| FLEEEEING.
 20138 | D:14     | 20138 ||| FLEEEEING.
 20139 | D:14     | 20139 ||| FLEEEEING.
 20140 | D:14     | 20140 ||| FLEEEEING.
 20141 | D:14     | 20141 ||| FLEEEEING.
 20152 | D:14     | 20152 ||| Stepping ~*~*~tactically~*~*~ (hiding).
 20220 | D:14     | 20220 ||| Stepping ~*~*~tactically~*~*~ (stealth).
 20248 | D:14     | 20248 ||| Stepping ~*~*~tactically~*~*~ (stealth).
 20249 | D:14     | 20249 ||| Stepping ~*~*~tactically~*~*~ (stealth).
 20440 | D:14     | 20440 ||| INVOKING Heroism.
 20443 | D:14     | HP: 19/111 [very large slime creature (13)]
 20444 | D:14     | 20444 ||| DRINKING potion of heal wounds.
 20449 | D:14     | Received a gift from Okawaru
 20631 | D:14     | Found a glowing golden altar of the Shining One.
 20752 | D:14     | 20752 ||| READING scroll labelled LOONWA ONEUTT.
 20919 | D:15     | 20919 ||| FLEEEEING.
 20920 | D:15     | 20920 ||| FLEEEEING.
 21030 | D:15     | 21030 ||| DROPPING +3 broad axe.
 21168 | D:15     | 21168 ||| READING scroll of enchant weapon.
 21168 | D:15     | 21168 ||| ENCHANTING +2 broad axe of electrocution.
 21387 | D:15     | 21387 ||| PLANNING ORC
 21530 | Orc:1    | Entered Level 1 of the Orcish Mines
 21534 | Orc:1    | Received a gift from Okawaru
 21538 | Orc:1    | 21538 ||| Stepping ~*~*~tactically~*~*~ (hiding).
 21543 | Orc:1    | 21543 ||| Stepping ~*~*~tactically~*~*~ (hiding).
 21546 | Orc:1    | 21546 ||| Stepping ~*~*~tactically~*~*~ (hiding).
 21548 | Orc:1    | 21548 ||| Stepping ~*~*~tactically~*~*~ (hiding).
 21549 | Orc:1    | 21549 ||| Stepping ~*~*~tactically~*~*~ (hiding).
 21563 | Orc:1    | 21563 ||| FLEEEEING.
 21564 | Orc:1    | 21564 ||| FLEEEEING.
 21565 | Orc:1    | 21565 ||| FLEEEEING.
 21566 | Orc:1    | 21566 ||| STAIRDANCE
 21680 | Orc:1    | 21680 ||| Stepping ~*~*~tactically~*~*~ (hiding).
 21717 | Orc:1    | Found Owianoe's Weapon Emporium.
 21773 | Orc:1    | Found Hyedwio's Jewellery Boutique.
 21781 | Orc:1    | 21781 ||| BUYING +6 ring of dexterity (504 gold).
 21781 | Orc:1    | Bought a +6 ring of dexterity for 504 gold pieces
 21934 | Orc:1    | 21934 ||| DROPPING ring of positive energy.
 21935 | Orc:1    | 21935 ||| UPGRADING to +6 ring of dexterity.
 21947 | Orc:2    | Entered Level 2 of the Orcish Mines
 22121 | Orc:2    | 22121 ||| INVOKING Heroism.
 22245 | Orc:1    | Noticed Erolcha
 22253 | Orc:1    | 22253 ||| INVOKING Heroism.
 22257 | Orc:1    | Received a gift from Okawaru
 22265 | Orc:1    | HP: 25/111 [something/fireball (29)]
 22270 | Orc:1    | Killed Erolcha
 22372 | Orc:1    | Found a large runed translucent door.
 22372 | Orc:1    | Found a large runed translucent door.
 22432 | Orc:1    | 22432 ||| Stepping ~*~*~tactically~*~*~ (stealth).
 22474 | Orc:1    | Noticed kazak's ghost (journeyman OpFE)
 22642 | Orc:2    | Found a staircase to the Elven Halls.
 22660 | Orc:2    | Noticed Maurice
 22684 | Orc:2    | Killed Maurice
 22896 | Orc:2    | 22896 ||| Stepping ~*~*~tactically~*~*~ (hiding).
 22930 | Orc:2    | 22930 ||| FLEEEEING.
 22933 | Orc:2    | 22933 ||| FLEEEEING.
 22934 | Orc:2    | 22934 ||| FLEEEEING.
 22935 | Orc:2    | 22935 ||| FLEEEEING.
 22936 | Orc:2    | 22936 ||| FLEEEEING.
 22937 | Orc:2    | 22937 ||| FLEEEEING.
 22938 | Orc:2    | 22938 ||| FLEEEEING.
 22939 | Orc:2    | 22939 ||| FLEEEEING.
 22940 | Orc:2    | 22940 ||| FLEEEEING.
 22980 | Orc:2    | 22980 ||| Stepping ~*~*~tactically~*~*~ (hiding).
 22984 | Orc:2    | Received a gift from Okawaru
 23005 | Orc:2    | 23005 ||| Stepping ~*~*~tactically~*~*~ (hiding).
 23020 | Orc:2    | 23020 ||| INVOKING Heroism.
 23060 | Orc:2    | 23060 ||| Stepping ~*~*~tactically~*~*~ (stealth).
 23075 | Orc:2    | 23075 ||| Stepping ~*~*~tactically~*~*~ (hiding).
 23076 | Orc:2    | 23076 ||| Stepping ~*~*~tactically~*~*~ (hiding).
 23077 | Orc:2    | 23077 ||| Stepping ~*~*~tactically~*~*~ (hiding).
 23193 | Orc:2    | Found Wuecahoq's Antique Weapon Shop.
 23193 | Orc:2    | Found Utebasoz's Magic Scroll Emporium.
 23196 | Orc:2    | Found Tukug's Weapon Shop.
 23196 | Orc:2    | Found Ontuah's General Store.
 23206 | Orc:2    | 23206 ||| BUYING potion of heal wounds (80 gold).
 23206 | Orc:2    | Bought a potion of heal wounds for 80 gold pieces
 23206 | Orc:2    | 23206 ||| BUYING scroll of identify (32 gold).
 23206 | Orc:2    | Bought a scroll of identify for 32 gold pieces
 23208 | Orc:2    | 23208 ||| BUYING scroll of enchant weapon (105 gold).
 23208 | Orc:2    | Bought a scroll of enchant weapon for 105 gold pieces
 23208 | Orc:2    | 23208 ||| BUYING scroll of teleportation (42 gold).
 23208 | Orc:2    | Bought a scroll of teleportation for 42 gold pieces
 23208 | Orc:2    | 23208 ||| BUYING scroll of teleportation (42 gold).
 23208 | Orc:2    | Bought a scroll of teleportation for 42 gold pieces
 23208 | Orc:2    | 23208 ||| BUYING scroll of teleportation (42 gold).
 23208 | Orc:2    | Bought a scroll of teleportation for 42 gold pieces
 23208 | Orc:2    | 23208 ||| READING scroll of enchant weapon.
 23208 | Orc:2    | 23208 ||| ENCHANTING +3 broad axe of electrocution.
 23329 | Orc:2    | 23329 ||| PLANNING SHOALS:1-3
 23329 | Orc:2    | 23329 ||| UPGRADING to +0 cloak.
 23542 | Shoals:1 | Entered Level 1 of the Shoals
 23543 | Shoals:1 | 23543 ||| INVOKING Heroism.
 23621 | Shoals:1 | 23621 ||| INVOKING Heroism.
 23624 | Shoals:1 | Received a gift from Okawaru
 23650 | Shoals:1 | Reached skill level 15 in Shields
 23666 | Shoals:1 | 23666 ||| INVOKING Heroism.
 23848 | Shoals:1 | 23848 ||| Stepping ~*~*~tactically~*~*~ (hiding).
 24240 | Shoals:1 | 24240 ||| Stepping ~*~*~tactically~*~*~ (hiding).
 24241 | Shoals:1 | 24241 ||| Stepping ~*~*~tactically~*~*~ (hiding).
 24281 | Shoals:1 | 24281 ||| Stepping ~*~*~tactically~*~*~ (stealth).
 24421 | Shoals:1 | 24421 ||| Stepping ~*~*~tactically~*~*~ (stealth).
 24478 | Shoals:1 | Found Vafaergh's Weapon Shop.
 24560 | Shoals:2 | 24560 ||| Stepping ~*~*~tactically~*~*~ (hiding).
 24561 | Shoals:2 | 24561 ||| INVOKING Heroism.
 24570 | Shoals:2 | Received a gift from Okawaru
 24602 | Shoals:2 | Noticed Jorgrun
 24603 | Shoals:2 | 24603 ||| INVOKING Heroism.
 24616 | Shoals:2 | Killed Jorgrun
 24640 | Shoals:2 | Received a gift from Okawaru
 24731 | Shoals:2 | Identified the +3 hand axe "Mud Pie of Death" {flame,
                  | rElec} (Okawaru gifted it to you on level 2 of the Shoals)
 24731 | Shoals:2 | Received a gift from Okawaru
 24965 | Shoals:2 | Noticed a kraken
 24976 | Shoals:2 | Killed a kraken
 25044 | Shoals:2 | Noticed a kraken
 25086 | Shoals:2 | Killed a kraken
 25159 | Shoals:2 | 25159 ||| Stepping ~*~*~tactically~*~*~ (hiding).
 25160 | Shoals:2 | 25160 ||| Stepping ~*~*~tactically~*~*~ (hiding).
 25161 | Shoals:2 | 25161 ||| Stepping ~*~*~tactically~*~*~ (hiding).
 25163 | Shoals:2 | 25163 ||| Stepping ~*~*~tactically~*~*~ (hiding).
 25164 | Shoals:2 | 25164 ||| Stepping ~*~*~tactically~*~*~ (hiding).
 25165 | Shoals:2 | 25165 ||| Stepping ~*~*~tactically~*~*~ (hiding).
 25166 | Shoals:2 | 25166 ||| Stepping ~*~*~tactically~*~*~ (hiding).
 25168 | Shoals:2 | 25168 ||| Stepping ~*~*~tactically~*~*~ (hiding).
 25172 | Shoals:2 | 25172 ||| Stepping ~*~*~tactically~*~*~ (hiding).
 25173 | Shoals:2 | 25173 ||| Stepping ~*~*~tactically~*~*~ (hiding).
 25198 | Shoals:2 | Reached XP level 18. HP: 90/116 MP: 25/25
 25198 | Shoals:2 | 25198 ||| FLEEEEING.
 25202 | Shoals:2 | 25202 ||| FLEEEEING.
 25203 | Shoals:2 | 25203 ||| FLEEEEING.
 25204 | Shoals:2 | 25204 ||| STAIRDANCE
 25219 | Shoals:1 | 25219 ||| DROPPING +1 war axe of flaming.
 25222 | Shoals:2 | 25222 ||| STAIRDANCE
 25250 | Shoals:2 | 25250 ||| STAIRDANCE
 25272 | Shoals:2 | 25272 ||| STAIRDANCE
 25337 | Shoals:2 | 25337 ||| FLEEEEING.
 25345 | Shoals:2 | 25345 ||| STAIRDANCE
 25530 | Shoals:2 | 25530 ||| READING scroll of enchant weapon.
 25530 | Shoals:2 | 25530 ||| ENCHANTING +4 broad axe of electrocution.
 25582 | Shoals:3 | 25582 ||| Stepping ~*~*~tactically~*~*~ (hiding).
 25584 | Shoals:3 | 25584 ||| Stepping ~*~*~tactically~*~*~ (hiding).
 25587 | Shoals:3 | 25587 ||| INVOKING Heroism.
 25588 | Shoals:3 | 25588 ||| INVOKING Finesse.
 25659 | Shoals:3 | 25659 ||| INVOKING Heroism.
 25959 | Shoals:3 | 25959 ||| READING scroll of enchant armour.
 25959 | Shoals:3 | 25959 ||| ENCHANTING +1 pair of gloves.
 25984 | Shoals:3 | 25984 ||| INVOKING Heroism.
 25999 | Shoals:3 | 25999 ||| READING scroll of brand weapon.
 25999 | Shoals:3 | 25999 ||| BRANDING +5 broad axe of electrocution.
 26003 | Shoals:3 | 26003 ||| Stepping ~*~*~tactically~*~*~ (hiding).
 26005 | Shoals:3 | 26005 ||| Stepping ~*~*~tactically~*~*~ (stealth).
 26010 | Shoals:3 | Received a gift from Okawaru
 26028 | Shoals:3 | 26028 ||| INVOKING Heroism.
 26033 | Shoals:3 | Received a gift from Okawaru
 26554 | Shoals:3 | 26554 ||| PLANNING SNAKE:1-3
 26554 | Shoals:3 | 26554 ||| DROPPING amulet of the acrobat.
 26654 | Snake:1  | Entered Level 1 of the Snake Pit
 26683 | Snake:1  | 26683 ||| INVOKING Heroism.
 26703 | Snake:1  | Reached skill level 18 in Shields
 26708 | Snake:1  | HP: 13/116 [naga/+0 glaive (22)]
 26709 | Snake:1  | 26709 ||| READING 5 scrolls of teleportation.
 26710 | Snake:1  | 26710 ||| DRINKING 2 potions of heal wounds.
 26712 | Snake:1  | 26712 ||| INVOKING Heroism.
 26724 | Snake:1  | HP: 24/116 [naga warrior/+0 trident (12)]
 26725 | Snake:1  | 26725 ||| READING 4 scrolls of teleportation.
 26726 | Snake:1  | 26726 ||| DRINKING potion of heal wounds.
 26781 | Snake:1  | Noticed Kirke
 26787 | Snake:1  | 26787 ||| DRINKING potion of cancellation.
 26803 | Snake:1  | Killed Kirke
 26901 | Snake:1  | 26901 ||| Stepping ~*~*~tactically~*~*~ (stealth).
 26903 | Snake:1  | 26903 ||| INVOKING Heroism.
 26926 | Snake:1  | 26926 ||| READING scroll of enchant armour.
 26926 | Snake:1  | 26926 ||| ENCHANTING +0 cloak.
 26985 | Snake:1  | 26985 ||| Stepping ~*~*~tactically~*~*~ (hiding).
 26986 | Snake:1  | 26986 ||| Stepping ~*~*~tactically~*~*~ (hiding).
 26987 | Snake:1  | 26987 ||| Stepping ~*~*~tactically~*~*~ (hiding).
 26990 | Snake:1  | 26990 ||| Stepping ~*~*~tactically~*~*~ (hiding).
 26993 | Snake:1  | 26993 ||| Stepping ~*~*~tactically~*~*~ (hiding).
 27158 | Snake:1  | Received a gift from Okawaru
 27169 | Snake:1  | 27169 ||| Stepping ~*~*~tactically~*~*~ (hiding).
 27170 | Snake:1  | 27170 ||| Stepping ~*~*~tactically~*~*~ (stealth).
 27223 | Snake:1  | 27223 ||| Stepping ~*~*~tactically~*~*~ (stealth).
 27224 | Snake:1  | 27224 ||| Stepping ~*~*~tactically~*~*~ (stealth).
 27225 | Snake:1  | 27225 ||| Stepping ~*~*~tactically~*~*~ (stealth).
 27226 | Snake:1  | 27226 ||| Stepping ~*~*~tactically~*~*~ (stealth).
 27347 | Snake:1  | 27347 ||| UPGRADING to +2 helmet.
 27357 | Snake:1  | 27357 ||| DROPPING +1 helmet "Attyxeyt" {rElec Dex-5
                  | Slay+2}.
 27358 | Snake:1  | 27358 ||| UPGRADING to +6 ring of strength.
 27360 | Snake:1  | 27360 ||| DROPPING +6 ring of dexterity.
 27470 | Snake:2  | 27470 ||| INVOKING Heroism.
 27470 | Snake:2  | HP: 28/117 [naga warrior/+0 halberd (6)]
 27471 | Snake:2  | 27471 ||| READING 4 scrolls of teleportation.
 27475 | Snake:2  | HP: 19/117 [salamander/+0 halberd (13)]
 27476 | Snake:2  | HP: 4/117 [salamander mystic/+0 quarterstaff (14)]
 27478 | Snake:2  | 27478 ||| READING 3 scrolls of teleportation.
 27478 | Snake:2  | You are sucked into a shaft and drop 1 floor!
 27482 | Snake:3  | 27482 ||| READING 2 scrolls of teleportation.
 27487 | Snake:3  | 27487 ||| READING scroll of teleportation.
 27488 | Snake:3  | 27488 ||| INVOKING Heroism.
 27488 | Snake:3  | HP: 10/118 [naga warrior/+0 short sword (7)]
 27501 | Snake:3  | HP: 21/118 [constriction (1)]
 27504 | Snake:3  | Received a gift from Okawaru
 27505 | Snake:3  | Reached skill level 15 in Fighting
 27506 | Snake:3  | HP: 21/119 [black mamba[a naga ritualist] (4)]
 27550 | Snake:3  | 27550 ||| INVOKING Heroism.
 27640 | Snake:3  | 27640 ||| Stepping ~*~*~tactically~*~*~ (stealth).
 27642 | Snake:3  | 27642 ||| Stepping ~*~*~tactically~*~*~ (hiding).
 27643 | Snake:3  | 27643 ||| Stepping ~*~*~tactically~*~*~ (hiding).
 27670 | Snake:3  | 27670 ||| Stepping ~*~*~tactically~*~*~ (stealth).
 27786 | Snake:3  | 27786 ||| Stepping ~*~*~tactically~*~*~ (stealth).
 27788 | Snake:3  | Found a glowing golden altar of the Shining One.
 27789 | Snake:3  | 27789 ||| Stepping ~*~*~tactically~*~*~ (stealth).
 27833 | Snake:3  | 27833 ||| Stepping ~*~*~tactically~*~*~ (stealth).
 27843 | Snake:3  | 27843 ||| Stepping ~*~*~tactically~*~*~ (hiding).
 27849 | Snake:3  | Reached skill level 12 in Armour
 27859 | Snake:3  | Received a gift from Okawaru
 27899 | Snake:2  | Found a hide-covered altar of Uskayaw.
 28035 | Snake:2  | 28035 ||| Stepping ~*~*~tactically~*~*~ (hiding).
 28184 | Snake:2  | 28184 ||| Stepping ~*~*~tactically~*~*~ (hiding).
 28402 | Snake:2  | 28402 ||| INVOKING Heroism.
 28403 | Snake:2  | Noticed Vashnia
 28438 | Snake:2  | Killed Vashnia
 28438 | Snake:2  | Received a gift from Okawaru
 28765 | Snake:2  | 28765 ||| UPGRADING to +2 pair of boots.
 28825 | Snake:3  | 28825 ||| INVOKING Heroism.
 28835 | Snake:3  | Reached XP level 19. HP: 124/124 MP: 24/26
 28835 | Snake:3  | 28835 ||| Stepping ~*~*~tactically~*~*~ (hiding).
 28856 | Snake:3  | 28856 ||| Stepping ~*~*~tactically~*~*~ (stealth).
 28901 | Snake:3  | 28901 ||| Stepping ~*~*~tactically~*~*~ (hiding).
 28902 | Snake:3  | 28902 ||| Stepping ~*~*~tactically~*~*~ (hiding).
 28926 | Snake:3  | Received a gift from Okawaru
 28926 | Snake:3  | Found the +10 tower shield of Ignorance {rN+ Int-4}
 29012 | Snake:3  | 29012 ||| INVOKING Heroism.
 29217 | Snake:3  | 29217 ||| Stepping ~*~*~tactically~*~*~ (hiding).
 29233 | Snake:3  | 29233 ||| Stepping ~*~*~tactically~*~*~ (hiding).
 29235 | Snake:3  | 29235 ||| Stepping ~*~*~tactically~*~*~ (hiding).
 29239 | Snake:3  | 29239 ||| INVOKING Heroism.
 29389 | Snake:3  | 29389 ||| READING scroll of enchant weapon.
 29389 | Snake:3  | 29389 ||| ENCHANTING +5 broad axe of venom.
 29488 | Snake:3  | 29488 ||| PLANNING SHOALS:4
 29488 | Snake:3  | 29488 ||| UPGRADING to +10 tower shield of Ignorance {rN+
                  | Int-4}.
 29498 | Snake:3  | 29498 ||| DROPPING +0 tower shield.
 29678 | Shoals:4 | Entered Level 4 of the Shoals
 29689 | Shoals:4 | Noticed Ilsuiw
 29690 | Shoals:4 | 29690 ||| INVOKING Heroism.
 29691 | Shoals:4 | 29691 ||| INVOKING Finesse.
 29742 | Shoals:4 | Killed Ilsuiw
 29788 | Shoals:4 | 29788 ||| Stepping ~*~*~tactically~*~*~ (hiding).
 29856 | Shoals:4 | 29856 ||| INVOKING Heroism.
 29857 | Shoals:4 | 29857 ||| INVOKING Finesse.
 29987 | Shoals:4 | 29987 ||| INVOKING Heroism.
 29988 | Shoals:4 | 29988 ||| INVOKING Finesse.
 30064 | Shoals:4 | 30064 ||| INVOKING Heroism.
 30119 | Shoals:4 | 30119 ||| INVOKING Heroism.
 30254 | Shoals:4 | 30254 ||| INVOKING Heroism.
 30263 | Shoals:4 | Reached skill level 16 in Fighting
 30291 | Shoals:4 | 30291 ||| INVOKING Finesse.
 30293 | Shoals:4 | HP: 30/125 [merfolk javelineer/silver javelin (7)]
 30294 | Shoals:4 | 30294 ||| READING scroll of teleportation.
 30356 | Shoals:4 | 30356 ||| FLEEEEING.
 30358 | Shoals:4 | 30358 ||| INVOKING Heroism.
 30453 | Shoals:4 | 30453 ||| INVOKING Heroism.
 30522 | Shoals:4 | Identified the amulet of Buenegg {Faith Rampage Regen+}
 30533 | Shoals:4 | 30533 ||| Stepping ~*~*~tactically~*~*~ (hiding).
 30535 | Shoals:4 | 30535 ||| INVOKING Heroism.
 30606 | Shoals:4 | Got a barnacled rune of Zot
 30792 | Shoals:4 | 30792 ||| INVOKING Heroism.
 30800 | Shoals:4 | Reached skill level 9 in Throwing
 30921 | Shoals:4 | Received a gift from Okawaru
 30926 | Shoals:4 | 30926 ||| PLANNING VAULTS:1-4
 30926 | Shoals:4 | 30926 ||| DROPPING +2 hat.
 30927 | Shoals:4 | 30927 ||| UPGRADING to amulet of Buenegg {Faith Rampage
                  | Regen+}.
 30937 | Shoals:4 | 30937 ||| DROPPING amulet of faith.
 30938 | Shoals:4 | 30938 ||| READING scroll labelled ROTZEG ASHUSTE.
 31237 | Vaults:1 | Entered Level 1 of the Vaults
 31238 | Vaults:1 | 31238 ||| INVOKING Heroism.
 31315 | Vaults:1 | Received a gift from Okawaru
 31341 | Vaults:1 | 31341 ||| Stepping ~*~*~tactically~*~*~ (hiding).
 31344 | Vaults:1 | 31344 ||| INVOKING Heroism.
 31454 | Vaults:1 | 31454 ||| INVOKING Heroism.
 31456 | Vaults:1 | 31456 ||| Stepping ~*~*~tactically~*~*~ (hiding).
 31796 | Vaults:1 | Identified the +0 trident "Demonbane" {speed, rF+ Int+2
                  | Dex+5}
 31811 | Vaults:1 | 31811 ||| INVOKING Heroism.
 31815 | Vaults:1 | 31815 ||| Stepping ~*~*~tactically~*~*~ (hiding).
 31934 | Vaults:1 | Found Gozag's Antique Weapon Shop.
 31935 | Vaults:1 | Found Gozag's Assorted Antiques.
 31936 | Vaults:1 | 31936 ||| INVOKING Heroism.
 31958 | Vaults:1 | Reached skill level 17 in Fighting
 31973 | Vaults:1 | Reached XP level 20. HP: 100/134 MP: 27/27
 31978 | Vaults:1 | Received a gift from Okawaru
 32093 | Vaults:1 | Found an opulent altar of Gozag.
 32093 | Vaults:1 | Found Gozag's Antique Weapon Boutique.
 32096 | Vaults:1 | 32096 ||| BUYING 2 potions of curing (600 gold).
 32096 | Vaults:1 | Bought 2 potions of curing for 600 gold pieces
 32096 | Vaults:1 | 32096 ||| BUYING potion of curing (300 gold).
 32096 | Vaults:1 | Bought a potion of curing for 300 gold pieces
 32287 | Vaults:1 | 32287 ||| Stepping ~*~*~tactically~*~*~ (stealth).
 32792 | Vaults:2 | 32792 ||| Stepping ~*~*~tactically~*~*~ (hiding).
 32818 | Vaults:2 | 32818 ||| INVOKING Heroism.
 32819 | Vaults:2 | 32819 ||| INVOKING Finesse.
 32909 | Vaults:2 | 32909 ||| Stepping ~*~*~tactically~*~*~ (hiding).
 33092 | Vaults:2 | Received a gift from Okawaru
 33236 | Vaults:2 | Paralysed by a great orb of eyes for 5 turns
 33320 | Vaults:2 | 33320 ||| Stepping ~*~*~tactically~*~*~ (hiding).
 33332 | Vaults:2 | Received a gift from Okawaru
 33425 | Vaults:2 | Found a staircase to the Crypt.
 33445 | Vaults:2 | Reached skill level 18 in Fighting
 33462 | Vaults:2 | Received a gift from Okawaru
 33703 | Vaults:2 | 33703 ||| Stepping ~*~*~tactically~*~*~ (hiding).
 33704 | Vaults:2 | 33704 ||| Stepping ~*~*~tactically~*~*~ (hiding).
 34034 | Vaults:2 | 34034 ||| DROPPING ring of wizardry.
 34085 | Vaults:3 | 34085 ||| PLANNING DESOLATION
 34264 | Vaults:3 | Received a gift from Okawaru
 34362 | Vaults:3 | Reached skill level 15 in Armour
 34366 | Vaults:3 | 34366 ||| Stepping ~*~*~tactically~*~*~ (hiding).
 34371 | Vaults:3 | Received a gift from Okawaru
 34494 | Vaults:3 | 34494 ||| Stepping ~*~*~tactically~*~*~ (stealth).
 34503 | Vaults:3 | 34503 ||| FLEEEEING.
 34504 | Vaults:3 | 34504 ||| FLEEEEING.
 34505 | Vaults:3 | 34505 ||| FLEEEEING.
 34506 | Vaults:3 | 34506 ||| FLEEEEING.
 34507 | Vaults:3 | 34507 ||| STAIRDANCE
 34630 | Vaults:3 | 34630 ||| DRINKING 6 potions of curing.
 34630 | Vaults:3 | 34630 ||| (to cure confusion)
 34650 | Vaults:3 | 34650 ||| Stepping ~*~*~tactically~*~*~ (hiding).
 34687 | Vaults:3 | 34687 ||| Stepping ~*~*~tactically~*~*~ (stealth).
 34738 | Vaults:3 | Found a crumbling gateway.
 34742 | Desolati | Entered the Desolation of Salt
 34752 | Desolati | 34752 ||| Stepping ~*~*~tactically~*~*~ (hiding).
 34773 | Desolati | 34773 ||| Stepping ~*~*~tactically~*~*~ (hiding).
 34794 | Desolati | Received a gift from Okawaru
 34797 | Desolati | 34797 ||| INVOKING Heroism.
 34829 | Desolati | 34829 ||| DRINKING 5 potions of curing.
 34829 | Desolati | 34829 ||| (to cure confusion)
 34834 | Desolati | 34834 ||| INVOKING Heroism.
 34871 | Desolati | 34871 ||| Stepping ~*~*~tactically~*~*~ (stealth).
 34873 | Desolati | 34873 ||| Stepping ~*~*~tactically~*~*~ (stealth).
 34875 | Desolati | 34875 ||| Stepping ~*~*~tactically~*~*~ (stealth).
 34987 | Desolati | 34987 ||| DROPPING +1 war axe of venom.
 35138 | Desolati | Received a gift from Okawaru
 35194 | Desolati | Reached skill level 19 in Fighting
 35194 | Desolati | Reached XP level 21. HP: 138/144 MP: 28/28
 35294 | Desolati | Received a gift from Okawaru
 35401 | Desolati | Reached skill level 6 in Dodging
 35418 | Desolati | 35418 ||| DROPPING +2 war axe of flaming.
 35419 | Desolati | Identified the +3 lajatang of Sin {protect, Drain rPois
                  | rF++ Dex-3}
 35426 | Desolati | Identified the +10 trident of Gozag's Whim {speed, *Noise
                  | Str+5 Stlth+}
 35457 | Desolati | Received a gift from Okawaru
 35541 | Desolati | Found the +3 Mad Mage's Maulers {Infuse+∞ VampMP -Cast}
 35541 | Desolati | Found the +8 orange crystal plate armour {Archmagi, Int+3
                  | Clar}
 35568 | Desolati | Found the +5 scythe "Finisher" {speed, execute}
 35726 | Desolati | Identified the +1 plate armour "Boddym" {rElec rF+ Int-2
                  | Slay+2} (Okawaru gifted it to you in the Desolation of
                  | Salt)
 35726 | Desolati | Received a gift from Okawaru
 35749 | Desolati | Identified the ring of Woudaqom {Fly rF+ rC+ Int+2}
 35755 | Desolati | Identified the ring "Taukhaix" {rCorr Int+6}
 35785 | Desolati | 35785 ||| UPGRADING to +8 orange crystal plate armour
                  | {Archmagi, Int+3 Clar}.
 35795 | Desolati | 35795 ||| DROPPING +11 chain mail of Vaozises {rElec rPois
                  | Stlth+}.
 35796 | Desolati | 35796 ||| DROPPING +0 ice dragon scales.
 35797 | Desolati | 35797 ||| DROPPING +1 plate armour of fire resistance.
 35798 | Desolati | 35798 ||| UPGRADING to ring of Woudaqom {Fly rF+ rC+
                  | Int+2}.
 35800 | Desolati | 35800 ||| DROPPING ring of fire.
 35837 | Vaults:3 | 35837 ||| PLANNING VAULTS:1-4
 35882 | Vaults:3 | Paralysed by a great orb of eyes for 2 turns
 35978 | Vaults:3 | 35978 ||| Stepping ~*~*~tactically~*~*~ (stealth).
 36030 | Vaults:3 | 36030 ||| FLEEEEING.
 36031 | Vaults:3 | 36031 ||| FLEEEEING.
 36032 | Vaults:3 | 36032 ||| FLEEEEING.
 36033 | Vaults:3 | 36033 ||| INVOKING Heroism.
 36034 | Vaults:3 | 36034 ||| INVOKING Finesse.
 36124 | Vaults:3 | Paralysed by a great orb of eyes for 5 turns
 36691 | Vaults:3 | Noticed a dread lich
 36707 | Vaults:3 | 36707 ||| Stepping ~*~*~tactically~*~*~ (stealth).
 36709 | Vaults:3 | 36709 ||| INVOKING Heroism.
 36710 | Vaults:3 | 36710 ||| INVOKING Finesse.
 36747 | Vaults:3 | Received a gift from Okawaru
 36772 | Vaults:3 | Killed a dread lich
 36773 | Vaults:3 | Reached skill level 18 in Armour
 36852 | Vaults:3 | 36852 ||| INVOKING Heroism.
 36853 | Vaults:3 | 36853 ||| INVOKING Finesse.
 37023 | Vaults:4 | 37023 ||| PLANNING WIZLAB
 37138 | Vaults:4 | Found a magical portal.
 37139 | Vaults:4 | 37139 ||| DROPPING 6 silver boomerangs.
 37140 | Vaults:4 | 37140 ||| DROPPING boomerang of dispersal.
 37141 | Vaults:4 | 37141 ||| DROPPING 54 boomerangs.
 37150 | WizLab   | Entered Yara's Duelist Academy
 37198 | WizLab   | 37198 ||| INVOKING Heroism.
 37208 | WizLab   | 37208 ||| Stepping ~*~*~tactically~*~*~ (cloud).
 37219 | WizLab   | 37219 ||| FLEEEEING.
 37220 | WizLab   | 37220 ||| FLEEEEING.
 37222 | WizLab   | 37222 ||| Stepping ~*~*~tactically~*~*~ (hiding).
 37223 | WizLab   | 37223 ||| Stepping ~*~*~tactically~*~*~ (hiding).
 37247 | WizLab   | Noticed Yleligar
 37258 | WizLab   | 37258 ||| INVOKING Heroism.
 37258 | WizLab   | HP: 36/144 [disintegration (17)]
 37271 | WizLab   | Killed Yleligar the Head Instructor
 37457 | WizLab   | 37457 ||| READING scroll of enchant weapon.
 37457 | WizLab   | 37457 ||| ENCHANTING +6 broad axe of venom.
 37460 | WizLab   | 37460 ||| READING scroll of enchant armour.
 37460 | WizLab   | 37460 ||| ENCHANTING +1 cloak.
 37578 | WizLab   | Identified the +0 robe "Esazxy" {rN++ Regen+ Dex-5 Slay+3}
 37588 | WizLab   | 37588 ||| Stepping ~*~*~tactically~*~*~ (stealth).
 37589 | WizLab   | 37589 ||| Stepping ~*~*~tactically~*~*~ (hiding).
 37706 | WizLab   | 37706 ||| READING 3 scrolls of enchant weapon.
 37706 | WizLab   | 37706 ||| ENCHANTING +7 broad axe of venom.
 37707 | WizLab   | 37707 ||| READING 2 scrolls of enchant weapon.
 37707 | WizLab   | 37707 ||| ENCHANTING +8 broad axe of venom.
 37762 | WizLab   | Received a gift from Okawaru
 37845 | Vaults:4 | 37845 ||| PLANNING VAULTS:1-4
 37889 | Vaults:4 | Reached XP level 22. HP: 142/149 MP: 29/29
 38024 | Vaults:4 | 38024 ||| Stepping ~*~*~tactically~*~*~ (hiding).
 38025 | Vaults:4 | 38025 ||| Stepping ~*~*~tactically~*~*~ (hiding).
 38027 | Vaults:4 | 38027 ||| Stepping ~*~*~tactically~*~*~ (hiding).
 38028 | Vaults:4 | 38028 ||| Stepping ~*~*~tactically~*~*~ (hiding).
 38049 | Vaults:4 | 38049 ||| Stepping ~*~*~tactically~*~*~ (hiding).
 38050 | Vaults:4 | 38050 ||| FLEEEEING.
 38051 | Vaults:4 | 38051 ||| Stepping ~*~*~tactically~*~*~ (hiding).
 38052 | Vaults:4 | 38052 ||| FLEEEEING.
 38053 | Vaults:4 | 38053 ||| FLEEEEING.
 38054 | Vaults:4 | 38054 ||| FLEEEEING.
 38055 | Vaults:4 | 38055 ||| FLEEEEING.
 38056 | Vaults:4 | 38056 ||| FLEEEEING.
 38057 | Vaults:4 | 38057 ||| FLEEEEING.
 38058 | Vaults:4 | 38058 ||| FLEEEEING.
 38059 | Vaults:4 | 38059 ||| FLEEEEING.
 38060 | Vaults:4 | 38060 ||| FLEEEEING.
 38061 | Vaults:4 | 38061 ||| FLEEEEING.
 38062 | Vaults:4 | 38062 ||| FLEEEEING.
 38063 | Vaults:4 | 38063 ||| FLEEEEING.
 38064 | Vaults:4 | 38064 ||| FLEEEEING.
 38065 | Vaults:4 | 38065 ||| FLEEEEING.
 38066 | Vaults:4 | 38066 ||| FLEEEEING.
 38067 | Vaults:4 | 38067 ||| FLEEEEING.
 38068 | Vaults:4 | 38068 ||| FLEEEEING.
 38069 | Vaults:4 | 38069 ||| FLEEEEING.
 38070 | Vaults:4 | 38070 ||| FLEEEEING.
 38071 | Vaults:4 | 38071 ||| FLEEEEING.
 38072 | Vaults:4 | 38072 ||| FLEEEEING.
 38073 | Vaults:4 | 38073 ||| FLEEEEING.
 38074 | Vaults:4 | 38074 ||| FLEEEEING.
 38075 | Vaults:4 | 38075 ||| FLEEEEING.
 38076 | Vaults:4 | 38076 ||| FLEEEEING.
 38077 | Vaults:4 | 38077 ||| FLEEEEING.
 38078 | Vaults:4 | 38078 ||| FLEEEEING.
 38079 | Vaults:4 | 38079 ||| FLEEEEING.
 38080 | Vaults:4 | 38080 ||| FLEEEEING.
 38081 | Vaults:4 | 38081 ||| FLEEEEING.
 38082 | Vaults:4 | 38082 ||| FLEEEEING.
 38083 | Vaults:4 | 38083 ||| STAIRDANCE
 38194 | Vaults:4 | Received a gift from Okawaru
 38195 | Vaults:4 | 38195 ||| Stepping ~*~*~tactically~*~*~ (hiding).
 38197 | Vaults:4 | 38197 ||| FLEEEEING.
 38198 | Vaults:4 | 38198 ||| FLEEEEING.
 38199 | Vaults:4 | 38199 ||| FLEEEEING.
 38202 | Vaults:4 | 38202 ||| FLEEEEING.
 38203 | Vaults:4 | 38203 ||| FLEEEEING.
 38204 | Vaults:4 | 38204 ||| FLEEEEING.
 38205 | Vaults:4 | 38205 ||| FLEEEEING.
 38206 | Vaults:4 | 38206 ||| FLEEEEING.
 38207 | Vaults:4 | 38207 ||| FLEEEEING.
 38208 | Vaults:4 | 38208 ||| FLEEEEING.
 38209 | Vaults:4 | 38209 ||| FLEEEEING.
 38210 | Vaults:4 | 38210 ||| FLEEEEING.
 38211 | Vaults:4 | 38211 ||| FLEEEEING.
 38212 | Vaults:4 | 38212 ||| FLEEEEING.
 38213 | Vaults:4 | 38213 ||| FLEEEEING.
 38214 | Vaults:4 | 38214 ||| FLEEEEING.
 38215 | Vaults:4 | 38215 ||| FLEEEEING.
 38220 | Vaults:4 | 38220 ||| FLEEEEING.
 38221 | Vaults:4 | 38221 ||| FLEEEEING.
 38222 | Vaults:4 | 38222 ||| FLEEEEING.
 38223 | Vaults:4 | 38223 ||| FLEEEEING.
 38224 | Vaults:4 | 38224 ||| FLEEEEING.
 38230 | Vaults:4 | 38230 ||| STAIRDANCE
 38437 | Vaults:4 | 38437 ||| STAIRDANCE
 38548 | Vaults:4 | 38548 ||| STAIRDANCE
 39106 | Vaults:4 | 39106 ||| Stepping ~*~*~tactically~*~*~ (stealth).
 39354 | Vaults:4 | 39354 ||| Stepping ~*~*~tactically~*~*~ (hiding).
 39355 | Vaults:4 | 39355 ||| Stepping ~*~*~tactically~*~*~ (hiding).
 39362 | Vaults:4 | Gained mutation: You occasionally lose the ability to read
                  | scrolls when taking damage. [a shining eye]
 39368 | Vaults:4 | 39368 ||| DRINKING 8 potions of mutation.
 39368 | Vaults:4 | Lost mutation: You occasionally lose the ability to read
                  | scrolls when taking damage. [potion of mutation]
 39368 | Vaults:4 | Lost mutation: Your natural rate of healing is unusually
                  | fast. [potion of mutation]
 39368 | Vaults:4 | Gained mutation: Your body sometimes deteriorates upon
                  | taking damage. [potion of mutation]
 39370 | Vaults:4 | 39370 ||| Stepping ~*~*~tactically~*~*~ (hiding).
 39483 | Vaults:4 | 39483 ||| PLANNING SNAKE:4
 39844 | Snake:1  | 39844 ||| Stepping ~*~*~tactically~*~*~ (hiding).
 39879 | Snake:4  | Entered Level 4 of the Snake Pit
 39886 | Snake:4  | 39886 ||| Stepping ~*~*~tactically~*~*~ (hiding).
 39976 | Snake:4  | Noticed Agnes
 39989 | Snake:4  | Killed Agnes
 40063 | Snake:4  | Identified Roxanne's Exposition on the Anticline
 40063 | Snake:4  | Noticed Roxanne
 40076 | Snake:4  | 40076 ||| Stepping ~*~*~tactically~*~*~ (hiding).
 40084 | Snake:4  | 40084 ||| INVOKING Heroism.
 40093 | Snake:4  | Killed Roxanne
 40093 | Snake:4  | Received a gift from Okawaru
 40167 | Snake:4  | 40167 ||| Stepping ~*~*~tactically~*~*~ (hiding).
 40176 | Snake:4  | 40176 ||| Stepping ~*~*~tactically~*~*~ (hiding).
 40180 | Snake:4  | 40180 ||| Stepping ~*~*~tactically~*~*~ (hiding).
 40186 | Snake:4  | 40186 ||| Stepping ~*~*~tactically~*~*~ (hiding).
 40199 | Snake:4  | 40199 ||| Stepping ~*~*~tactically~*~*~ (hiding).
 40217 | Snake:4  | Found Esowazen's CLEARANCE SALE!.
 40341 | Snake:4  | 40341 ||| Stepping ~*~*~tactically~*~*~ (hiding).
 40360 | Snake:4  | Reached skill level 21 in Armour
 40376 | Snake:4  | 40376 ||| Stepping ~*~*~tactically~*~*~ (hiding).
 40378 | Snake:4  | 40378 ||| Stepping ~*~*~tactically~*~*~ (hiding).
 40423 | Snake:4  | Got a serpentine rune of Zot
 41114 | Snake:4  | 41114 ||| PLANNING DEPTHS
 41437 | Depths:1 | Entered Level 1 of the Depths
 41508 | Depths:1 | 41508 ||| Stepping ~*~*~tactically~*~*~ (stealth).
 41521 | Depths:1 | Received a gift from Okawaru
 41621 | Depths:1 | Received a gift from Okawaru
 41684 | Depths:1 | Noticed Sojobo
 41685 | Depths:1 | 41685 ||| INVOKING Heroism.
 41686 | Depths:1 | 41686 ||| INVOKING Finesse.
 41686 | Depths:1 | Noticed the Enchantress
 41705 | Depths:1 | Killed Sojobo
 41752 | Depths:1 | Killed the Enchantress
 41901 | Depths:1 | Found a one-way gate leading to the halls of Pandemonium.
 41923 | Depths:1 | Found a one-way gate to the infinite horrors of the Abyss.
 42112 | Depths:1 | 42112 ||| Stepping ~*~*~tactically~*~*~ (hiding).
 42120 | Depths:1 | 42120 ||| Stepping ~*~*~tactically~*~*~ (hiding).
 42126 | Depths:1 | 42126 ||| Stepping ~*~*~tactically~*~*~ (hiding).
 42177 | Depths:1 | Found a gateway to Hell.
 42237 | Depths:1 | Found a runed translucent gate.
 42238 | Depths:1 | Found a runed translucent gate.
 42239 | Depths:1 | Found a runed translucent gate.
 42377 | Depths:2 | Noticed Mara
 42378 | Depths:2 | 42378 ||| INVOKING Heroism.
 42380 | Depths:2 | 42380 ||| INVOKING Finesse.
 42401 | Depths:2 | Noticed qw's illusion
 42409 | Depths:2 | Killed Mara
 42409 | Depths:2 | Received a gift from Okawaru
 42445 | Depths:2 | 42445 ||| Stepping ~*~*~tactically~*~*~ (hiding).
 42454 | Depths:2 | 42454 ||| INVOKING Heroism.
 42455 | Depths:2 | 42455 ||| INVOKING Finesse.
 42462 | Depths:2 | 42462 ||| Stepping ~*~*~tactically~*~*~ (hiding).
 42468 | Depths:2 | 42468 ||| Stepping ~*~*~tactically~*~*~ (hiding).
 42564 | Depths:2 | 42564 ||| Stepping ~*~*~tactically~*~*~ (hiding).
 42582 | Depths:2 | 42582 ||| Stepping ~*~*~tactically~*~*~ (stealth).
 42622 | Depths:2 | 42622 ||| Stepping ~*~*~tactically~*~*~ (hiding).
 42623 | Depths:2 | 42623 ||| INVOKING Heroism.
 42624 | Depths:2 | 42624 ||| INVOKING Finesse.
 42861 | Depths:2 | Reached XP level 23. HP: 156/156 MP: 30/30
 43007 | Depths:2 | 43007 ||| Stepping ~*~*~tactically~*~*~ (hiding).
 43010 | Depths:2 | 43010 ||| INVOKING Finesse.
 43020 | Depths:2 | Reached skill level 20 in Fighting
 43276 | Depths:2 | Received a gift from Okawaru
 43403 | Depths:2 | 43403 ||| INVOKING Heroism.
 43446 | Depths:2 | Noticed Jory
 43467 | Depths:2 | 43467 ||| INVOKING Heroism.
 43473 | Depths:2 | Killed Jory
 43473 | Depths:2 | Received a gift from Okawaru
 43577 | Depths:2 | 43577 ||| DROPPING ring of magical power.
 44145 | Depths:2 | Reached skill level 21 in Shields
 44145 | Depths:2 | Identified the +1 broad axe of Hacking and Slashing
                  | {antimagic, rF++} (Okawaru gifted it to you on level 2 of
                  | the Depths)
 44145 | Depths:2 | Received a gift from Okawaru
 44402 | Depths:3 | 44402 ||| Stepping ~*~*~tactically~*~*~ (hiding).
 44403 | Depths:3 | 44403 ||| Stepping ~*~*~tactically~*~*~ (hiding).
 44407 | Depths:3 | 44407 ||| INVOKING Heroism.
 44408 | Depths:3 | 44408 ||| INVOKING Finesse.
 44467 | Depths:3 | 44467 ||| INVOKING Heroism.
 44540 | Depths:3 | 44540 ||| Stepping ~*~*~tactically~*~*~ (stealth).
 44543 | Depths:3 | 44543 ||| Stepping ~*~*~tactically~*~*~ (hiding).
 44697 | Depths:3 | 44697 ||| Stepping ~*~*~tactically~*~*~ (hiding).
 44706 | Depths:3 | Received a gift from Okawaru
 44721 | Depths:3 | 44721 ||| INVOKING Heroism.
 44722 | Depths:3 | 44722 ||| INVOKING Finesse.
 44738 | Depths:3 | Reached skill level 21 in Fighting
 44738 | Depths:3 | 44738 ||| Stepping ~*~*~tactically~*~*~ (hiding).
 44753 | Depths:3 | 44753 ||| Stepping ~*~*~tactically~*~*~ (hiding).
 44754 | Depths:3 | 44754 ||| Stepping ~*~*~tactically~*~*~ (hiding).
 44755 | Depths:3 | 44755 ||| Stepping ~*~*~tactically~*~*~ (hiding).
 44756 | Depths:3 | 44756 ||| Stepping ~*~*~tactically~*~*~ (hiding).
 44758 | Depths:3 | 44758 ||| INVOKING Heroism.
 44831 | Depths:3 | Found a one-way gateway to a ziggurat.
 44870 | Depths:3 | Identified the +9 hand axe of Qufeleth {speed, rPois}
                  | (Okawaru gifted it to you on level 3 of the Depths)
 44870 | Depths:3 | Received a gift from Okawaru
 44907 | Depths:3 | 44907 ||| Stepping ~*~*~tactically~*~*~ (stealth).
 44911 | Depths:3 | 44911 ||| Stepping ~*~*~tactically~*~*~ (hiding).
 44914 | Depths:3 | 44914 ||| Stepping ~*~*~tactically~*~*~ (hiding).
 45193 | Depths:3 | Found a shimmering altar of Xom.
 45225 | Depths:3 | 45225 ||| Stepping ~*~*~tactically~*~*~ (hiding).
 45380 | Depths:3 | 45380 ||| Stepping ~*~*~tactically~*~*~ (stealth).
 45516 | Depths:3 | Reached skill level 12 in Throwing
 45545 | Depths:3 | 45545 ||| INVOKING Heroism.
 45546 | Depths:3 | 45546 ||| INVOKING Finesse.
 45630 | Depths:3 | Noticed a royal mummy
 45630 | Depths:3 | 45630 ||| INVOKING Finesse.
 45634 | Depths:3 | 45634 ||| INVOKING Heroism.
 45647 | Depths:3 | HP: 39/160 [emperor scorpion[a royal mummy] (12)]
 45648 | Depths:3 | 45648 ||| READING 2 scrolls of teleportation.
 45923 | Depths:3 | 45923 ||| INVOKING Heroism.
 45944 | Depths:3 | Received a gift from Okawaru
 45980 | Depths:3 | 45980 ||| INVOKING Finesse.
 45983 | Depths:3 | 45983 ||| INVOKING Heroism.
 45997 | Depths:3 | Killed a royal mummy
 46144 | Depths:4 | Entered Level 4 of the Depths
 46162 | Depths:4 | 46162 ||| Stepping ~*~*~tactically~*~*~ (hiding).
 46172 | Depths:4 | Reached XP level 24. HP: 162/168 MP: 30/30
 46177 | Depths:4 | Received a gift from Okawaru
 46185 | Depths:4 | 46185 ||| INVOKING Heroism.
 46190 | Depths:4 | Reached skill level 22 in Fighting
 46249 | Depths:4 | Received a gift from Okawaru
 46250 | Depths:4 | 46250 ||| FLEEEEING.
 46258 | Depths:4 | 46258 ||| Stepping ~*~*~tactically~*~*~ (hiding).
 46264 | Depths:4 | 46264 ||| Stepping ~*~*~tactically~*~*~ (hiding).
 46266 | Depths:4 | 46266 ||| Stepping ~*~*~tactically~*~*~ (hiding).
 46274 | Depths:4 | 46274 ||| Stepping ~*~*~tactically~*~*~ (hiding).
 46369 | Depths:4 | Found a gate to the Realm of Zot.
 46370 | Depths:4 | 46370 ||| Stepping ~*~*~tactically~*~*~ (hiding).
 46390 | Depths:4 | 46390 ||| INVOKING Heroism.
 46418 | Depths:4 | 46418 ||| Stepping ~*~*~tactically~*~*~ (hiding).
 46449 | Depths:4 | 46449 ||| INVOKING Heroism.
 46501 | Depths:4 | 46501 ||| INVOKING Heroism.
 46629 | Depths:4 | Found Numumol's Armour Shoppe.
 46658 | Depths:4 | 46658 ||| Stepping ~*~*~tactically~*~*~ (stealth).
 46719 | Depths:4 | 46719 ||| Stepping ~*~*~tactically~*~*~ (hiding).
 46740 | Depths:4 | 46740 ||| Stepping ~*~*~tactically~*~*~ (hiding).
 46741 | Depths:4 | 46741 ||| Stepping ~*~*~tactically~*~*~ (hiding).
 46776 | Depths:4 | 46776 ||| Stepping ~*~*~tactically~*~*~ (hiding).
 46779 | Depths:4 | 46779 ||| INVOKING Finesse.
 46963 | Depths:4 | Identified the +4 sling "Nogoth" {freeze, rC+}
 47164 | Depths:4 | Found a glowing silver altar of Zin.
 47365 | Depths:4 | 47365 ||| PLANNING VAULTS:5
 47365 | Depths:4 | 47365 ||| DROPPING +0 cloak of preservation.
 47598 | Vaults:5 | Entered Level 5 of the Vaults
 47614 | Vaults:5 | 47614 ||| STAIRDANCE
 47742 | Vaults:5 | 47742 ||| INVOKING Heroism.
 47750 | Vaults:5 | HP: 41/169 [war gargoyle/+0 flail (17)]
 47751 | Vaults:5 | 47751 ||| READING 2 scrolls of teleportation.
 47752 | Vaults:5 | 47752 ||| DRINKING 2 potions of heal wounds.
 47754 | Vaults:5 | 47754 ||| DRINKING potion of heal wounds.
 47756 | Vaults:5 | Identified the +5 spear of Desperation {antimagic, rCorr
                  | Str+2}
 47797 | Vaults:5 | 47797 ||| INVOKING Heroism.
 47801 | Vaults:5 | Reached skill level 23 in Fighting
 47822 | Vaults:5 | 47822 ||| Stepping ~*~*~tactically~*~*~ (hiding).
 47841 | Vaults:5 | 47841 ||| INVOKING Finesse.
 47854 | Vaults:5 | Received a gift from Okawaru
 47868 | Vaults:5 | 47868 ||| INVOKING Heroism.
 47919 | Vaults:5 | 47919 ||| Stepping ~*~*~tactically~*~*~ (stealth).
 47921 | Vaults:5 | 47921 ||| Stepping ~*~*~tactically~*~*~ (stealth).
 47977 | Vaults:5 | 47977 ||| Stepping ~*~*~tactically~*~*~ (stealth).
 47979 | Vaults:5 | 47979 ||| Stepping ~*~*~tactically~*~*~ (hiding).
 47982 | Vaults:5 | 47982 ||| Stepping ~*~*~tactically~*~*~ (hiding).
 47989 | Vaults:5 | 47989 ||| Stepping ~*~*~tactically~*~*~ (hiding).
 48035 | Vaults:5 | 48035 ||| Stepping ~*~*~tactically~*~*~ (stealth).
 48080 | Vaults:5 | 48080 ||| Stepping ~*~*~tactically~*~*~ (stealth).
 48084 | Vaults:5 | 48084 ||| Stepping ~*~*~tactically~*~*~ (stealth).
 48087 | Vaults:5 | 48087 ||| Stepping ~*~*~tactically~*~*~ (hiding).
 48147 | Vaults:5 | 48147 ||| Stepping ~*~*~tactically~*~*~ (stealth).
 48150 | Vaults:5 | 48150 ||| Stepping ~*~*~tactically~*~*~ (stealth).
 48157 | Vaults:5 | 48157 ||| Stepping ~*~*~tactically~*~*~ (stealth).
 48158 | Vaults:5 | 48158 ||| INVOKING Heroism.
 48179 | Vaults:5 | 48179 ||| Stepping ~*~*~tactically~*~*~ (stealth).
 48184 | Vaults:5 | 48184 ||| Stepping ~*~*~tactically~*~*~ (hiding).
 48237 | Vaults:5 | 48237 ||| Stepping ~*~*~tactically~*~*~ (stealth).
 48249 | Vaults:5 | 48249 ||| INVOKING Heroism.
 48294 | Vaults:5 | Identified the +0 plate armour of Launegint {Str+2 Int+3}
 48295 | Vaults:5 | 48295 ||| Stepping ~*~*~tactically~*~*~ (hiding).
 48296 | Vaults:5 | 48296 ||| Stepping ~*~*~tactically~*~*~ (hiding).
 48320 | Vaults:5 | a fenstrider witch changed into a caustic shrike
 48320 | Vaults:5 | Noticed a caustic shrike (glowing shapeshifter)
 48323 | Vaults:5 | a caustic shrike changed into an iron dragon
 48324 | Vaults:5 | 48324 ||| INVOKING Heroism.
 48358 | Vaults:5 | Reached XP level 25. HP: 143/178 MP: 30/30
 48374 | Vaults:5 | 48374 ||| Stepping ~*~*~tactically~*~*~ (stealth).
 48376 | Vaults:5 | 48376 ||| Stepping ~*~*~tactically~*~*~ (stealth).
 48400 | Vaults:5 | Identified the +7 longbow "Xubugg" {flame, Contam rPois
                  | Str+2 SInv}
 48406 | Vaults:5 | Reached skill level 24 in Fighting
 48422 | Vaults:5 | 48422 ||| Stepping ~*~*~tactically~*~*~ (hiding).
 48436 | Vaults:5 | 48436 ||| FLEEEEING.
 48439 | Vaults:5 | 48439 ||| Stepping ~*~*~tactically~*~*~ (hiding).
 48447 | Vaults:5 | 48447 ||| INVOKING Heroism.
 48453 | Vaults:5 | 48453 ||| INVOKING Finesse.
 48459 | Vaults:5 | 48459 ||| DRINKING 3 potions of resistance.
 48478 | Vaults:5 | 48478 ||| Stepping ~*~*~tactically~*~*~ (hiding).
 48488 | Vaults:5 | Identified the +7 broad axe of Gloom {holy, rElec Int+4
                  | Dex+3}
 48488 | Vaults:5 | Identified the ring "Kalujova" {Fly Slay+3}
 48499 | Vaults:5 | Received a gift from Okawaru
 48505 | Vaults:5 | 48505 ||| Stepping ~*~*~tactically~*~*~ (hiding).
 48513 | Vaults:5 | 48513 ||| Stepping ~*~*~tactically~*~*~ (hiding).
 48618 | Vaults:5 | 48618 ||| READING scroll of acquirement.
 48618 | Vaults:5 | 48618 ||| ACQUIRING +16 obsidian axe {drain, demonic, Mesm
                  | Drain Fly SInv}
 48618 | Vaults:5 | Acquired the +16 obsidian axe {drain, demonic, Mesm Drain
                  | Fly SInv}
 48618 | Vaults:5 | Found the +16 obsidian axe {drain, demonic, Mesm Drain Fly
                  | SInv}
 48620 | Vaults:5 | 48620 ||| SWAPPING to +16 obsidian axe {drain, demonic,
                  | Mesm Drain Fly SInv}.
 48621 | Vaults:5 | 48621 ||| DROPPING +9 broad axe of venom.
 48975 | Vaults:5 | Got a silver rune of Zot
 49182 | Vaults:5 | Identified the +0 crystal plate armour of Twilight {rC+
                  | Regen+} (Okawaru gifted it to you on level 5 of the Vaults)
 49182 | Vaults:5 | Received a gift from Okawaru
 49378 | Vaults:5 | 49378 ||| INVOKING Heroism.
 49502 | Vaults:5 | 49502 ||| PLANNING SHOPPING SPREE
 49502 | Vaults:5 | 49502 ||| DROPPING +0 gold dragon scales.
 49897 | D:4      | 49897 ||| BUYING +4 ring of slaying (936 gold).
 49897 | D:4      | Bought a +4 ring of slaying for 936 gold pieces
 49897 | D:4      | 49897 ||| BUYING +5 ring of evasion (432 gold).
 49897 | D:4      | Bought a +5 ring of evasion for 432 gold pieces
 49897 | D:4      | 49897 ||| BUYING ring of Makhleb's Displeasure {Contam
                  | rCorr Int+2 Dex+6} (566 gold).
 49897 | D:4      | Bought the ring of Makhleb's Displeasure {Contam rCorr
                  | Int+2 Dex+6} for 566 gold pieces
 49973 | D:4      | 49973 ||| DROPPING +4 ring of slaying {mikee}.
 49974 | D:4      | 49974 ||| UPGRADING to +5 ring of evasion.
 49976 | D:4      | 49976 ||| DROPPING +6 ring of strength.
 49977 | D:4      | 49977 ||| PLANNING ZOT:1-4
 50325 | Zot:1    | Entered Level 1 of the Realm of Zot
 50336 | Zot:1    | 50336 ||| INVOKING Heroism.
 50376 | Zot:1    | 50376 ||| Stepping ~*~*~tactically~*~*~ (stealth).
 50441 | Zot:1    | 50441 ||| Stepping ~*~*~tactically~*~*~ (stealth).
 50507 | Zot:1    | You are sucked into a shaft and drop 1 floor!
 50511 | Zot:2    | 50511 ||| INVOKING Heroism.
 50512 | Zot:2    | Noticed an orb of fire
 50513 | Zot:2    | 50513 ||| DRINKING 2 potions of resistance.
 50514 | Zot:2    | 50514 ||| INVOKING Finesse.
 50526 | Zot:2    | Gained mutation: You frequently scream uncontrollably at
                  | your foes. [an orb of fire]
 50535 | Zot:2    | Gained mutation: Armour fits poorly on your strangely
                  | shaped body. [an orb of fire]
 50540 | Zot:2    | Killed an orb of fire
 50577 | Zot:2    | Noticed an orb of fire
 50592 | Zot:2    | 50592 ||| DRINKING potion of resistance.
 50595 | Zot:2    | Gained mutation: You have hidden genetic defects. [an orb
                  | of fire]
 50597 | Zot:2    | Gained mutation: You occasionally lose the ability to drink
                  | potions when taking damage. [an orb of fire]
 50598 | Zot:2    | Gained mutation: Your spells are easier to cast, but less
                  | powerful. [an orb of fire]
 50610 | Zot:2    | Killed an orb of fire
 50611 | Zot:2    | Reached skill level 25 in Fighting
 50629 | Zot:2    | 50629 ||| Stepping ~*~*~tactically~*~*~ (hiding).
 50630 | Zot:2    | 50630 ||| Stepping ~*~*~tactically~*~*~ (hiding).
 50631 | Zot:2    | 50631 ||| INVOKING Heroism.
 50711 | Zot:2    | 50711 ||| DRINKING 7 potions of mutation.
 50711 | Zot:2    | Lost mutation: You passively map a small area around you.
                  | [potion of mutation]
 50711 | Zot:2    | Lost mutation: Your body sometimes deteriorates upon taking
                  | damage. [potion of mutation]
 50711 | Zot:2    | Gained mutation: You are vulnerable to cold. (rC-) [potion
                  | of mutation]
 50712 | Zot:2    | 50712 ||| DRINKING 6 potions of mutation.
 50712 | Zot:2    | Lost mutation: Armour fits poorly on your strangely shaped
                  | body. [potion of mutation]
 50712 | Zot:2    | Lost mutation: Your spells are easier to cast, but less
                  | powerful. [potion of mutation]
 50712 | Zot:2    | Gained mutation: You have large cloven feet. [potion of
                  | mutation]
 50712 | Zot:2    | Gained mutation: You have a pair of small horns on your
                  | head. [potion of mutation]
 50713 | Zot:2    | 50713 ||| DRINKING 5 potions of mutation.
 50713 | Zot:2    | Lost mutation: You are vulnerable to cold. (rC-) [potion of
                  | mutation]
 50713 | Zot:2    | Lost mutation: You have large cloven feet. [potion of
                  | mutation]
 50713 | Zot:2    | Lost mutation: You occasionally lose the ability to drink
                  | potions when taking damage. [potion of mutation]
 50713 | Zot:2    | Gained mutation: You expend magic power (3 MP) to
                  | strengthen your wands. [potion of mutation]
 50811 | Zot:2    | 50811 ||| Stepping ~*~*~tactically~*~*~ (hiding).
 50829 | Zot:2    | 50829 ||| DROPPING +2 helmet.
 50881 | Zot:1    | Identified the ring "Buuqij" {Ice Str+4 Slay+4}
 50881 | Zot:1    | Noticed Josephina
 50900 | Zot:1    | 50900 ||| INVOKING Heroism.
 50904 | Zot:1    | Killed from afar by a purple draconian shifter

Levels and vault maps discovered:
D:1:      minmay_arrival_open_corners, layout_rooms
D:2:      layout_loops_ring, minmay_shallow_snake_nest
D:3:      layout_basic
D:4:      layout_loops_cross, grunt_temple_overflow_holy_war,
          chequers_temple_overflow_statue_of_worship, serial_shops,
          nicolae_shop_bloodbath_and_beyond, chequers_serial_rivers_large_a,
          minmay_shop_enchanted_jewellery, minmay_mini_ossuary
D:5:      layout_basic
D:6:      layout_cave_pools, serial_shops, shop, gammafunk_ghost_icy,
          uniq_crazy_yiuf_cottage, uniq_grinder
D:7:      layout_cave_pools, marbit_many_paths, amcnicky_altar_gilded,
          nicolae_ru_sacrificial_ziggurat, fedhas_bush_and_centaur_altar,
          minmay_temple_entry_fiery, kennysheep_generic_room_3,
          uniq_prince_ribbit1, uniq_maggie, uniq_pikel
D:8:      layout_basic, old_standard_altar, mainiacjoe_overflow_catwalk,
          nemelex_diamond_rough_becter, grunt_lair_entry_orc_guard_hut,
          nicolae_ossuary_entry_catacombs, amcnicky_mini_pool_small,
          hangedman_misty_isle
D:9:      layout_stronghold, gammafunk_temple_overflow_forgotten,
          nzn_life_drinkers
D:10:     layout_loops_ring, led_sif_book, uniq_amaemon
D:11:     minmay_the_grid_3x3 [minmay_the_grid_minigrid_small_alt,
          minmay_the_grid_stretched_grid, minmay_the_grid_paths,
          minmay_the_grid_holed_spiral, minmay_the_grid_tree,
          minmay_the_grid_mess, minmay_the_grid_embedded,
          minmay_the_grid_dragon_b, minmay_the_grid_prize_trominoes],
          layout_loops_ring, orc_0_dummy, nicolae_trove_entry_diagonal,
          nicolae_uskayaw_en_pointe
D:12:     layout_roguey, uniq_azrael
D:13:     layout_long_grid, gammafunk_ghost_stat_death
D:14:     hangedman_cross_veins, layout_grid_maze,
          skrybe_vaults_entry_preservation, gammafunk_ghost_split,
          tso_metal_star
D:15:     grunt_enter_depths_magical_seal, layout_irregular_city,
          minmay_misc_feat_tower, serial_undead, serial_undead_b,
          serial_undead_a, serial_undead_f, serial_undead_f,
          serial_bayou_lagoon_b, uniq_louise
Temple:   nicolae_temple_bog_church
Lair:1:   dragon1_lemuel, layout_layer_cave, roderic_batcave,
          cheibrodos_lair_reptile_den, infiniplex_staircase_pool_2,
          grunt_megastairs_3, lemuel_fruit_fields
Lair:2:   layout_regular_city, minmay_snake_entry_guardpost_small,
          serial_bayou_pond_b, grunt_megastairs_4
Lair:3:   layout_loops_ring, minmay_shoals_entry_lonely_mermaid
Lair:4:   layout_cave_pods, nicolae_slime_entry_field_trip, grunt_megastairs_2,
          uniq_nessos, uniq_sonja
Lair:5:   evilmike_catoblepas_cave, layout_gridlike
Shoals:1: layout_shoals, serial_shops, nicolae_shop_crystal
Shoals:2: layout_shoals, portal_ice_cave_entry_ice_simulacra, uniq_jorgrun
Shoals:3: layout_shoals, nicolae_shoals_nymph_descending_staircase
Shoals:4: shoals_end_simple, layout_shoals, shoals_ilsuiw_ice,
          nzn_prometheus_bound
Snake:1:  layout_onion_interference, uniq_kirke
Snake:2:  layout_cave_town, basic_altar, uniq_vashnia
Snake:3:  layout_honeycomb, basic_altar, st_stairs_3
Snake:4:  hellmonk_snake_rune_quicksilver_temple, layout_misc_corridors,
          nicolae_snake_gridmaze_swirls, nicolae_shop_clearance, uniq_agnes,
          uniq_roxanne
Orc:1:    layout_caves, serial_shops, shop_fountains, nicolae_shop_peninsula,
          ebering_ghost_disaster_area, uniq_erolcha
Orc:2:    grunt_orc_tribal_feast, layout_caves, basic_altar, mines3_lemuel,
          uniq_maurice
Vaults:1: vaults_mumra_hexcomb, nicolae_vaults_tangram_2,
          nicolae_vaults_little_squares_5, nicolae_vaults_turnstiles,
          kennysheep_vaults_gozag_temple, nicolae_vaults_trapezoid_1,
          nicolae_vaults_tetromino_Z_2, nicolae_vaults_cochlea, v_rooms_5,
          v_misc_10, v_misc_4, v_misc_13, nicolae_vaults_more_shelving_2,
          vaults_room_ringed_pool, layout_vaults_maze_bifur
Vaults:2: nicolae_vaults_border_crossing, v_misc_18, serial_ice_h,
          nicolae_vaults_alarming, vaults_room_pools, layout_vaults_omnigrid
Vaults:3: portal_desolation_entry_nicolae_forbidding_blocks,
          nicolae_vaults_ninety_degrees, nicolae_vaults_trapezoid_lopsided_2,
          hangedman_vaults_locks, nicolae_vaults_house_1,
          nicolae_vaults_doubleplus_tesselated,
          nicolae_vaults_corridor_and_loot_room, v_misc_9,
          nicolae_vaults_layer_cake_slice, nicolae_vaults_tetromino_Z_1,
          v_misc_32, grunt_vaults_focal, v_misc_11, layout_vaults_big_room
Vaults:4: mu_enter_wizlab_4, nicolae_vaults_double_plus_3, vaults_room_pools,
          vaults_dpeg_encased_lava, ontoclasm_vaults_loading_screen,
          nicolae_vaults_mini_display_case, nicolae_vaults_weapon_check,
          nicolae_vaults_tetromino_Z_1, hangedman_vaults_hat,
          nicolae_vaults_layer_cake_slice,
          vaults_standard_mumra_enter_the_diamond, v_misc_18, v_rooms_5,
          layout_vaults_omnibox
Vaults:5
Depths:1: layout_roguey, serial_sigils_hangedman_gnaw, grunt_pan_entry_zigzag,
          abyss_entry, hell_entry, pandoras_box_mu, uniq_sojobo,
          uniq_enchantress
Depths:2: due_jory_tower, layout_gridlike, grunt_pan_entry_in_and_out,
          grunt_decor_fettered, hangedman_coc_ice_floe, abyss_entry, uniq_mara
Depths:3: lemuel_minitomb, layout_gridlike, enter_ziggurat_a,
          minmay_room_of_horrors, xom_teletrap_fun, hell_entry,
          lemuel_flamethrower_1
Depths:4: grunt_zot_entry_tricorne, layout_gridville, abyss_entry, hell_entry,
          zin_treasury, minmay_shop_star
Zot:1:    layout_basic, nicolae_diode_basic, uniq_josephina, uniq_grunn
Zot:2:    layout_onion_interference

Skill      XL: |  1  2  3  4  5  6  7  8  9 10 11 12 13 14 15 16 17 18 19 20 21 22 23 24 25 |
---------------+----------------------------------------------------------------------------+-----
Axes           | 2 3 4 5 6 7 9 10 11 12 13 15 17 18 | 18.0
Fighting       | 4 6 7 8 9 10 11 13 14 15 17 19 21 23 25 | 25.1
Dodging        | 2 3 4 5 6 7 |  7.0
Armour         | 4 5 6 7 8 9 10 12 14 15 19 22 | 22.0
Shields        | 4 5 6 7 8 11 17 18 19 20 21 22 | 22.0
Invocations    | 4 7 10 | 10.0
Throwing       | 3 5 6 7 8 9 10 12 13 14 | 14.6

Action                     |  1- 3 |  4- 6 |  7- 9 | 10-12 | 13-15 | 16-18 | 19-21 | 22-24 | 25-27 || total
---------------------------+-------+-------+-------+-------+-------+-------+-------+-------+-------++-------
  Melee: War axe           |    91 |   105 |       |       |    25 |    18 |       |       |       ||   239
         Broad axe         |       |    80 |   207 |   443 |   854 |  1428 |  1534 |  1996 |   374 ||  6916
         Headbutt          |       |       |       |       |       |       |       |       |    14 ||    14
  Throw: Javelin           |       |       |       |    76 |   130 |   110 |   168 |    78 |    16 ||   578
         Boomerang         |       |       |       |       |     7 |    81 |     6 |       |       ||    94
 Invoke: Heroism           |       |       |       |    19 |    23 |    35 |    25 |    25 |     6 ||   133
         Finesse           |       |       |       |       |     5 |     4 |     8 |    12 |     2 ||    31
    Use: Scroll            |     4 |     8 |     7 |     4 |     8 |    16 |     7 |     2 |     1 ||    57
         Potion            |     1 |     2 |     1 |     1 |     3 |     7 |     2 |     3 |     6 ||    26
   Stab: Distracted        |       |       |       |       |       |     1 |       |     1 |       ||     2
 Armour: Scale mail        |    40 |    40 |       |       |       |       |       |       |       ||    80
         Chain mail        |       |    74 |   152 |   228 |   564 |   841 |   402 |       |       ||  2261
         Plate armour      |       |       |       |   120 |       |       |       |       |       ||   120
         Crystal plate arm |       |       |       |       |       |       |   178 |   798 |   101 ||  1077
  Dodge: Dodged            |    49 |    62 |    79 |   198 |   300 |   380 |   243 |   226 |    61 ||  1598
  Block: Buckler           |    15 |    29 |    51 |   144 |   190 |    58 |       |       |       ||   487
         Tower shield      |       |       |       |       |       |  1092 |  1621 |  1878 |   336 ||  4927

Table legend:
 A = Non-vault XP
 B = Vault XP
 C = Vault XP percentage of total XP
 D = Non-vault monster count
 E = Vault monster count
 F = Vault count percentage of total count
                 A         B        C        D         E       F
            +---------+---------+-------+---------+---------+-------
      Total |  560209 |  474101 |  45.8 |    1207 |     738 |  37.9
            +---------+---------+-------+---------+---------+-------
        D:1 |      32 |       0 |   0.0 |      19 |       0 |   0.0
        D:2 |      76 |      20 |  20.8 |      16 |       6 |  27.3
        D:3 |      51 |       0 |   0.0 |      14 |       0 |   0.0
        D:4 |     269 |      22 |   7.6 |      38 |       5 |  11.6
        D:5 |     306 |       0 |   0.0 |       6 |       0 |   0.0
        D:6 |    1045 |     286 |  21.5 |      26 |       1 |   3.7
        D:7 |     567 |    1744 |  75.5 |      14 |       7 |  33.3
        D:8 |    1331 |    1912 |  59.0 |       6 |      20 |  76.9
        D:9 |    2699 |     208 |   7.2 |      36 |       1 |   2.7
       D:10 |    1436 |    1252 |  46.6 |      24 |       4 |  14.3
       D:11 |    5944 |   11398 |  65.7 |      36 |      26 |  41.9
       D:12 |    9161 |    2206 |  19.4 |      30 |       8 |  21.1
       D:13 |    6618 |       0 |   0.0 |      15 |       0 |   0.0
       D:14 |   10936 |   17823 |  62.0 |      20 |      28 |  58.3
       D:15 |    7753 |   13464 |  63.5 |      23 |      32 |  58.2
     Lair:1 |    3822 |    1490 |  28.0 |      19 |      13 |  40.6
     Lair:2 |   14627 |    1427 |   8.9 |      56 |      11 |  16.4
     Lair:3 |    3762 |     451 |  10.7 |      16 |       1 |   5.9
     Lair:4 |    6953 |    2126 |  23.4 |      21 |       5 |  19.2
     Lair:5 |    6044 |    9820 |  61.9 |      25 |      23 |  47.9
   Shoals:1 |   12751 |       0 |   0.0 |      26 |       0 |   0.0
   Shoals:2 |   18911 |    2779 |  12.8 |      35 |       9 |  20.5
   Shoals:3 |   15600 |    1847 |  10.6 |      34 |       4 |  10.5
   Shoals:4 |   17170 |   32711 |  65.6 |      37 |      52 |  58.4
    Snake:1 |   16503 |    2778 |  14.4 |      36 |       8 |  18.2
    Snake:2 |   13640 |    6186 |  31.2 |      25 |       5 |  16.7
    Snake:3 |   23586 |     166 |   0.7 |      42 |       1 |   2.3
    Snake:4 |   10952 |   17538 |  61.6 |      24 |      23 |  48.9
      Orc:1 |    4838 |     865 |  15.2 |      46 |       1 |   2.1
      Orc:2 |    1374 |    8442 |  86.0 |      11 |      32 |  74.4
   Vaults:1 |   15675 |   20190 |  56.3 |      23 |      22 |  48.9
   Vaults:2 |   30877 |    6078 |  16.4 |      47 |      11 |  19.0
   Vaults:3 |   45189 |   29589 |  39.6 |      59 |      31 |  34.4
   Vaults:4 |   19885 |   24858 |  55.6 |      25 |      30 |  54.5
   Vaults:5 |   19140 |   92199 |  82.8 |      29 |      91 |  75.8
   Depths:1 |   23897 |   13579 |  36.2 |      31 |      10 |  24.4
   Depths:2 |   22801 |   39870 |  63.6 |      29 |      47 |  61.8
   Depths:3 |   49760 |   27391 |  35.5 |      65 |      45 |  40.9
   Depths:4 |   36148 |   17926 |  33.2 |      46 |      15 |  24.6
      Zot:1 |   21702 |    1231 |   5.4 |      18 |       5 |  21.7
      Zot:2 |   43337 |       0 |   0.0 |      31 |       0 |   0.0
    Abyss:2 |   13041 |       0 |   0.0 |      28 |       0 |   0.0
     WizLab |       0 |   20530 | 100.0 |       0 |      21 | 100.0
 Desolation |       0 |   41699 | 100.0 |       0 |      84 | 100.0
            +---------+---------+-------+---------+---------+-------
